Workbook
Name Countries: Countries!$A$2:$A$250
Name DevCells: '2. Progress towards outcomes'!#REF!
Name DevCells: #REF!
Name DevRatings: '2. Progress towards outcomes'!#REF!
Name DevRatings: #REF!
Name DevScore: #REF!
Name DevScore: _Calc!$D$20
Name ImpCells: '3. Implementation Progress'!$D$71:$M$73
Name ImpRatings: '3. Implementation Progress'!$D$71:$M$73
Name ImpScore: #REF!
Name ImpScore: _Calc!$D$21
Name NumRating: #REF!
Name NumRating: _Calc!$B$2:$B$9
Name TxtRating: #REF!
Name TxtRating: _Calc!$A$2:$A$9
Name Weights: #REF!
Name Weights: _Calc!$E$14:$I$14
Name Weights2: #REF!
Name Weights2: _Calc!$E$17:$H$17

Sheet Table of Contents
B6: FAO-GEF Project Implementation Report
B7: 2025 – Revised Template
B8: Period covered: 1 July 2024 to 30 June 2025
B9: Table of Contents
B10: =HYPERLINK("#'1. Basic project data'!N10","1. BASIC PROJECT DATA") -> 1. BASIC PROJECT DATA
B11: =HYPERLINK("#'2. Progress towards outcomes'!N11","2. PROGRESS TOWARDS ACHIEVING PROJECT OBJECTIVE(S) (DEVELOPMENT OBJECTIVE)") -> 2. PROGRESS TOWARDS ACHIEVING PROJECT OBJECTIVE(S) (DEVELOPMENT OBJECTIVE)
B12: =HYPERLINK("#'3. Implementation Progress'!N12","3. IMPLEMENTATION PROGRESS (IP)") -> 3. IMPLEMENTATION PROGRESS (IP)
B13: =HYPERLINK("#'4. Summary on progress'!N13","4. SUMMARY ON PROGRESS AND CHALLENGES") -> 4. SUMMARY ON PROGRESS AND CHALLENGES
B14: =HYPERLINK("#'5. ESS Risk'!N14","5.ENVIRONMENTAL AND SOCIAL SAFEGUARDS (ESS):RISKS FROM THE PROJECT") -> 5.ENVIRONMENTAL AND SOCIAL SAFEGUARDS (ESS):RISKS FROM THE PROJECT
B15: =HYPERLINK("#'6. Risks to the project'!N15","6. RISKS TO THE PROJECT") -> 6. RISKS TO THE PROJECT
B16: =HYPERLINK("#'7. Follow-up on Mid-term review'!N16","7. FOLLOW-UP ON MID-TERM REVIEW OR SUPERVISION MISSION") -> 7. FOLLOW-UP ON MID-TERM REVIEW OR SUPERVISION MISSION
B17: =HYPERLINK("#'8. Minor project amendments'!N17","8. MINOR PROJECT AMENDMENTS") -> 8. MINOR PROJECT AMENDMENTS
B18: =HYPERLINK("#'9. Stakeholders' Engagement'!N18","9. STAKEHOLDERS' ENGAGEMENT") -> 9. STAKEHOLDERS' ENGAGEMENT
B19: =HYPERLINK("#'10. Gender Mainstreaming'!N19","10. GENDER MAINSTREAMING") -> 10. GENDER MAINSTREAMING
B20: =HYPERLINK("#'11. Knowledge Management'!N20","11. KNOWLEDGE MANAGEMENT ACTIVITIES") -> 11. KNOWLEDGE MANAGEMENT ACTIVITIES
B21: =HYPERLINK("#'12. Indigenous & Local Involve.'!N21","12. INDIGENOUS PEOPLES AND LOCAL COMMUNITIES INVOLVEMENT") -> 12. INDIGENOUS PEOPLES AND LOCAL COMMUNITIES INVOLVEMENT
B22: =HYPERLINK("#'13. Co-Financing Table'!N22","13. CO-FINANCING TABLE") -> 13. CO-FINANCING TABLE
B23: =HYPERLINK("#'14. GEO Location'!N23","14. GEO LOCATION INFORMATION") -> 14. GEO LOCATION INFORMATION
B24: =HYPERLINK("#' GEF-5 LDCF Indicators'!N27"," GEF-5 LDCF Indicators") -> GEF-5 LDCF Indicators
B25: =HYPERLINK("#'GEF6&7 LDCF Core Indicators'!N28"," GEF 6&7 LDCF Core Indicators") -> GEF 6&7 LDCF Core Indicators
B26: =HYPERLINK("#'Annex'!N26","Annex. Monitoring Area-based GEF Core Indicator Commitments and Progress with FERM") -> Annex. Monitoring Area-based GEF Core Indicator Commitments and Progress with FERM
B29: IMPORTANT DISCLAIMER:
B30: The final version of this PIR will be submitted to the GEF Secretariat.
B31: The report will then be publicly available on the GEF website (click here).
B32: Sensitive information should be submitted in Annex to be uploaded separately.
B33: In such cases, please contact faogef-pir-support@fao.org for guidance.

Sheet 1. Basic project data
B2: 1. Basic Project Data
B3: General Information
B4: Region: | E4: Eastern Europe and Central Asia
B5: Country(ies): | E5: Azerbaijan, Kazakhstan, Kyrgyzstan, Tajikistan, Türkiye
B6: Project Title: | E6: Lifecycle Management of Pesticides and Disposal of POPs Pesticides in Central Asian countries and Türkiye
B7: FAO Project Symbol: | E7: GCP/SEC/011/GFF
B8: GEF ID: | E8: 5000
B9: Type of Trust Fund(s): | E9: GFF
B10: GEF Focal Area(s): | E10: Chemicals (Persistent Organic Pollutants – POPS)
B11: Project Executing Partners: | E11: a. Azerbaijan: Ministries of Agriculture, Environment and Health, Food Safety Agency (new, not in ProDoc); b.Kazakhstan: Ministries of Agriculture, Environment and Health; c. Kyrgyzstan: Ministry of Water Resources, Agriculture and Processing Industry; Ministry of Natural Resources, Ecology and Technical Supervision (new, not in ProDoc. Changes are due to fundamental government reorganisation in spring 2021); d. Tajikistan: Committee of Environmental Protection under the Government of the Republic of Tajikistan in collaboration with the Ministries of Agriculture and Health; e. Türkiye: Ministry of Agriculture and Forestry.
B12: Initial project duration (years): | E12: 4 years
B13: Project Dates
B14: GEF CEO Endorsement Date: | E14: 42657
B15: Actual Agency Approval Date | E15: 42654
B16: Project Implementation Start Date/EOD: | E16: 43388
B17: First Disbursement Date | E17: 43507
B18: Planned Project End Date/NTE1: | E18: 44848
B19: Revised project implementation End date (if approved)2: | E19: 30 April 2026 (note: extension approved by last PSCM on 10 July 2025) not yet submitted in FPMIS
B20: Actual Completion Date:
B21: Expected Financial Closure Date:
B22: Funding
B23: GEF Grant Amount (USD): | E23: 8136986
B24: Total GEF grant delivery (as of June 30, 2025 (USD): | E24: 7118630.7
B25: Total Co-financing amount (USD)3: | E25: 38300000
B26: Total estimated co-financing materialized as of June 30, 20254: | E26: 1.3369051e+08
B27: M & E Milestones
B28: Date of Last Project Steering Committee (PSC) Meeting: | E28: 45848
B29: Expected Mid-term Review date5: | E29: N/A
B30: Actual Mid-term review date (if already completed): | E30: 44657
B31: Expected Terminal Evaluation Date6: | E31: 45715
B32: Overall ratings
B33: Overall rating of progress towards achieving objectives/outcomes (cumulative): | E33: =_xlfn.XLOOKUP(DevScore, NumRating, TxtRating, "Not Rated") -> Satisfactory (S)
B34: Overall implementation progess rating: | E34: =_xlfn.XLOOKUP(ImpScore, NumRating, TxtRating, "Not Rated") -> Satisfactory (S)
B35: Overall risk rating: | E35: ='6. Risks to the Project'!C56 -> Moderate
B36: Status
B37: Implementation Status (1st PIR, 2nd PIR, etc. Final PIR): | E37: 6th PIR
B40: 1 Date that was originally foreseen at the project’s operationalization and indicated in FPMIS. 2 If NTE extension has been requested and approved by the FAO-GEF Coordination Unit. 3 This is the total amount of co-financing as included in the CEO Document/Project Document. 4 Please refer to the Section 13 of this report where updated co-financing estimates are requested and indicate the total co-financing amount materialized. 5 The Mid-Term Review (MTR) should take place after the 2nd PIR, around half-point between EOD and NTE. The MTR report in English should be submitted to the GEF Secretariat within 4 years of the CEO Endorsement date. 6 The Terminal Evaluation date should be discussed with OED 6 months before the project’s NTE date.
B45: Project Contacts
B46: Contact | E46: Name, Title, Division/Institution | I46: E-mail
B47: Project Coordinator (PC) | E47: Stephan Robinson, Senior Technical Advisor, FAO SEC | I47: stephan.robinson@fao.org
B48: Budget Holder (BH) | E48: Viorel Gutu | I48: viorel.gutu@fao.org
B49: GEF Operational Focal Point (GEF OFP) | E49: AZE: Emin Garabaghli, Head, International Cooperation Division, Ministry of Ecology and Natural Resources KAZ: Saule Sabiyeva, Deputy Director of the Climate Policy Department, Ministry of Environment and Natural Resources KGZ: Mirslav Amankulov, Deputy Minister of Natural Resources, Environment and Technical Supervision TJK: Bahodur Ahmadjon Sheralizoda, Chairman, Committee for Environmental Protection TUR: Ahmet Bağci, Deputy Minister – DR, Ministry of Agriculture and Forestry
B50: Lead Technical Officer (LTO) | E50: Tania Santivanez, Regional Agricultural Officer, FAO REU | I50: tania.santivanez@fao.org
B51: GEF Technical Officer (GTO) | E51: Kaan Evren Basaran, Funding Liaison Officer | I51: kaan.basaran@fao.org
B54: Key Project Management Unit Personnel
B56: Please indicate the composition of the PMU as per the Terms of Reference in the ProDoc. If any new position was establised during the project implementation, please insert it accordingly.
B59: Position planned (as per ProDoc) | E59: Position filled (Yes/No) | F59: Start date, Name, Contact | J59: Comments
B61: International Consultant: Chief Technical Adviser – Pest and Pesticide Management | E61: Yes | F61: 16-Dec-2019, Stephan Robinson, stephan.robinson@fao.org
B63: Social and economic mainstreaming & awareness Communications coordinator | E63: No
B65: Component National Team Leader – Component 1 | E65: Yes | F65: AZE: 27-May-2020, Bariz Mehdiyev, 01-Jun-2023, Gular Adigozalzade (former NTLs: Elmaddin Namazov + Shahin Isayev) KAZ: 10-Jan-2022, Saltanat Bayeshova KGZ: 28-May-2019, Elaman Diusheev TJK: 01-Feb-2022, Nurali Saidov (former NTLs: Masuda Saidova + Shahzod Avazov) TUR: 05-Nov-2021 Cem Erdogan (former NTL: Birim Mor)
B67: International Consultant(s) – Inventory, EA/ EMP Development, Safeguarding and Disposal of Pesticide Stocks | E67: Yes | F67: 16-Dec-2019, Stephan Robinson, stephan.robinson@fao.org 02-Nov-2020, Russell Cobban, russell.cobban@gmail.com 16-Mar-2020, Ed Verhamme, ed.verhamme@alternateresourcepartners.nl 10-May-2024, Egmont Ottermann, ewottermann@resiliant.africa 10-Sep-2022, Khatuna Akhalaia, ekophary@yahoo.com 02-Sep-2022, Indira Zhakipova, indira.zhakipova@gmail.com 25-Apr-2023, Petr Sharov, psharov@ehpmi.org
B69: International Consultant – Disposal Option review | E69: Yes | F69: See previous row
B71: International Consultant: Container Management | E71: Yes | F71: 23-Dec-2020, Alexander Efimkin, alexander.efimkin@yandex.ru
B73: National Consultant(s) – Inventory, EA/ EMP Development, Safeguarding and Disposal of Pesticide Stocks | E73: Yes | F73: 2022-2024: EcoForum, EcoMuseum, Human Health Institute, Kazakhstan National Team Leaders
B75: National Consultant – Soil Decontamination | E75: No | F75: 2022-2024: EcoForum, EcoMuseum, Human Health Institute, Kazakhstan National Team Leaders
B77: Local NGO or company for container management pilot | E77: Yes | F77: Kyrgyzstan: 2024/2024, Agri Union, Bishkek Kazakhstan: 2024, Assel Shahanova, a_shakhanova123@mail.ru
B79: Local NGOs for awareness raising | E79: Yes | F79: Kazakhstan + Regional: 2023-2025, Centre “Cooperation for Sustainable Development”, Almaty, Kazakhstan Tajikistan; 2022-2025, Peshsaf, Dushanbe
B81: International Consultant - Pesticides Legislation | E81: No | F81: 30-Jul-2020, Irina Kireeva, kireevadudley@gmail.com
B83: International Consultant: Pesticide Management & Exposure | E83: No
B85: National consultant: Component 2 Team Leader | E85: Yes | F85: AZE: 27-May-2020, Bariz Mehdiyev, 01-Jun-2023, Gular Adigozalzade (former NTLs: Elmaddin Namazov + Shahin Isayev) KAZ: 10-Jan-2022, Saltanat Bayeshova KGZ: 28-May-2019, Elaman Diusheev TJK: 01-Feb-2022, Nurali Saidov (former NTLs: Masuda Saidova + Shahzod Avazov) TUR: 05-Nov-2021 Cem Erdogan (former NTL: Birim Mor)
B87: National Consultants – Legislation Review (3 countries) | E87: Yes | F87: Azerbaijan; 03-Dec-2019, Shamil Huseynov shh_azinas@yahoo.com 15-Jul-2024, Sabit Abdullayev, sabit.abdullayev@gmail.com Kazakhstan:16-Jun-2022, Aigerim Daumenova, daumenova2014@gmail.com 26-May-2025, Aliya Yerdvaliyeva, aliya.yerdvaliyeva@fao.org Kyrgyzstan; 19-Dec-2019, Oleg Pecheniuk, op_67@mail.ru 14-Feb-2025, Almaz Davletov, almaz.davletov@multi-s.com Tajikistan: 10-Dec-2020, Azamat Pulatov, azamat011985@mail.ru
B89: National Consultants: Pesticide registration, labeling and operator exposure) – TUR, TAJ, | E89: No
B91: National Consultant – Pesticide Application Expert in TURKEY | E91: No
B93: Contract: - Analysis of exposure monitoring (TUR) | E93: No
B95: Contract: Translation and publication of guidance and toolkits | E95: Yes | F95: 2021-2022, Association of Ecological Agriculture Organization (Ekolojik Tarim Organizasyonu Dernegi)
B97: International Consultant: IPM Specialist | E97: Yes | F97: 01-Oct-2019, Zsuzsanna Keresztes, zsuzsanna,keresztes@fao.org 25-Oct-2023, Jozsef Kiss, jozsef.kiss@uni-mate.hu
B99: National Consultant: Component 3 Team Leader | E99: Yes | F99: AZE: 27-May-2020, Bariz Mehdiyev, 01-Jun-2023, Gular Adigozalzade (former NTLs: Elmaddin Namazov + Shahin Isayev) KAZ: 10-Jan-2022, Saltanat Bayeshova KGZ: 28-May-2019, Elaman Diusheev TJK: 01-Feb-2022, Nurali Saidov (former NTLs: Masuda Saidova + Shahzod Avazov) TUR: 05-Nov-2021 Cem Erdogan (former NTL: Birim Mor)
B101: National Consultant: IPM awareness raising – NGO, KYR, KAZ | F101: Azerbaijan;11-Apr-2023, Nizami Kazimov, nizami.kazimov@agrodairy.az Kazakhstan: 2023-2025, Kazakh Research Institute of Plant Protection and Quarantine named after Zh. Zhiyembayev Kyrgyzstan; 2020-2022 Kyrgyz National Agrarian University Association for development of Agroindustrial Complex Türkiye: 2020-2025, Isparta Fruit Research Institute MAREM, ismailkaraca@isparta.edu.tr 2020, Ankara Provincial Directorate 2021, Isparta Young Businesspeople Association
B103: National Consultant: Statistician | E103: No | F103: Evaluation done by institutions in previous row
B105: Contract: Implementing Partner for Pest Monitoring (3 contracts in 3 countries, Output 3.1) | E105: No
B107: Contract: Implementing Partner for IPM demonstration in Kazakhstan and Kyrgyz Republic (Output 3.2)
B109: Contract: Implementing Partner for Cost Benefits Comparative Study (PANUK-Output 3.3) | E109: No
B111: International Consultant on contaminated soil and landfill management | E111: Yes | F111: 21-Jun-2022, Boudewijn Fokke, boudewijn.fokke@gmail.com
B113: Pesticide Exposure Assessment | E113: Yes | F113: 2023-2024, PAN UK, sheila@pan-uk.org
B115: Pesticide Poisoning Diagnosis and Treatment | E115: Yes | F115: 2024, Biocidal Occupational and Environmental Health Association (Biyosidal Is ve Cevre Sagligi Dernegi)
B117: Organic Schoolgarden Establishment | E117: Yes | F117: 2022-2023, Social-Ecology Center “EkoSfera”, Baku, Azerbaijan 2022-2023, Vladimir Shevtsov, shevtsov@greencross.by
B119: Bio- and phyto-remediation trials | E119: Yes | F119: Kazakhstan: 2023-2025, Republican State Enterprise with Right for Economic Management "Institute of Plant Biology and Biotechnology" of the Committee of Science of the Ministry of Education and Science of the Republic of Kazakhstan Kyrgyzstan: 2021-2024, Turkish-Kyrgyz Manas University, Bishkek, tdoolotkeldieva@gmail.com
B121: International Consultant on pesticide registration | E121: Yes | F121: Türkiye: 2024-2025, Meltem Büyükyavuz, berfin-ozan@hotmail.com 2023-2025, Cem Erdogan, cem.erdogan@fao.org 2023-2024, Diana Gurzadyan, dingur99@yahoo.com | J121: Meltem worked for AZE, Cem worked for AZE and KGZ and TJK, Diana for KGZ
B123: National Consultant on better spraying practices | E123: Yes | F123: Türkiye: 2025, Abdullah Golpinar, NC on Machinery Tools Application Bayram Kerimoglu, NC on CMS Osman Ari, NC on Better Spraying Practices & Safety Measures
B125: International Consultant on gender-disaggregated pesticide use | E125: Yes | F125: 2020-2021, Zsofia Bossanyi
B127: National Consultant on Environmental Impact Assessment | E127: Yes | F127: 12-Mar-2024, Taisia Neronova, neronova@rambler.ru
B129: International Consultant on HHP assessment | E129: Yes | F129: 2023-2024, Alejandra Loayza, ale_zurda@hotmail.com

Sheet _Calc
A1: Rating text | B1: Score
A2: Highly Unsatisfactory (HU) | B2: 1
A3: Unsatisfactory (U) | B3: 2
A4: Moderately Unsatisfactory (MU) | B4: 3
A5: Moderately Satisfactory (MS) | B5: 4
A6: Satisfactory (S) | B6: 5
A7: Highly Satisfactory (HS) | B7: 6
A8: Unknown | B8: 0
A9: Not Rated | B9: 0
D12: for DevScore
D13: Person | E13: PM/Coord | F13: Budget Holder | G13: LTO | H13: GEF OFP | I13: GTO
D14: Weight % | E14: 20 | F14: 25 | G14: 25 | H14: 0 | I14: 30
D15: For ImpScore
D16: Person | E16: PM/Coord | F16: LTO | G16: GEF OFP | H16: GTO
D17: Weight % | E17: 25 | F17: 35 | G17: 0 | H17: 40
A19: Once you've filled in 2. Progress towards outcomes & 3. Implementation Progress
A20: Please double click and press enter on Cells D20 and D21 | D20: {=_xlfn.LET(_xlpm.hdrRow,MATCH("*Development*Objective*rating*",'2. Progress towards outcomes'!$B:$B,0),_xlpm.rRow,_xlpm.hdrRow+1,_xlpm.ratings,INDEX('2. Progress towards outcomes'!$C:$G,_xlpm.rRow,0),_xlpm.scores,_xlfn.XLOOKUP(_xlpm.ratings,TxtRating,NumRating,0),ROUND(SUMPRODUCT(_xlpm.scores,Weights)/SUM(Weights),0))} -> 5
D21: {=ROUND( SUMPRODUCT( _xlfn.XLOOKUP( CHOOSE({1,2,3,4}, '3. Implementation Progress'!D71, '3. Implementation Progress'!F71, '3. Implementation Progress'!H71, '3. Implementation Progress'!J71 ), TxtRating, NumRating, 0 ), Weights2 ) / SUM(Weights2), 0)} -> 5

Sheet Countries
A1: Select Country
A2: Afghanistan
A3: Åland Islands
A4: Albania
A5: Algeria
A6: American Samoa
A7: Andorra
A8: Angola
A9: Anguilla
A10: Antarctica
A11: Antigua and Barbuda
A12: Argentina
... A250: Zimbabwe

Sheet TypeofTrustFund
A1: Type of Trust Fund
A2: Capacity-building Initiative for Transparency (CBIT)
A3: Global Biodiversity Framework Fund (GBFF)
A4: Global Environment Facility Trust Fund (GFF)
A5: Least Developed Countries Fund (LDCF)
A6: Special Climate Change Fund (SCCF)
A7: Small Grants Program (SGP)

Sheet FocalArea
A1: Focal Area
A2: Multi Focal Area
A3: Biodiversity
A4: Chemicals and Waste
A5: Chemicals/PoPs
A6: Climate Change
A7: Climate Change Adaptation
A8: Climate Change Mitigation
A9: International Waters
A10: Land Degradation

Sheet 2. Progress towards outcomes
A1: 2. Progress towards Achieving Project Objective(s) (Development objective)
A3: (All inputs in this section should be cumulative from project start, not annual)
A5: Region:
A6: Project or Development Objective | B6: Outcomes | C6: Outcome indicators | D6: Baseline | E6: Mid-term Target | F6: End-of-project Target | G6: Cumulative progress level at 30 June 2025 | H6: % of cumulative progress | I6: Progress rating
B7: Outcome 1: 900 tonnes of POPs and obsolete pesticides are disposed of in an environmentally sound manner; and risks from obsolete stocks, contaminated sites and empty pesticide containers are further quantified and reduced | C7: a) Technical capacity available for environmentally sound disposal options for POPs and other hazardous wastes in the Central Asian region | D7: No environmentally sound disposal option existing due to inability to export wastes because of transit restrictions. Alternatives in the region need to be evaluated: CKT, SCWO, HTI to be built/upgraded. | E7: Year 1: Follow up investigation on the feasibility of POPs pesticides disposal in AZE, TJK and TUR completed Political advocacy on lifting of export ban organized Year 2: Disposal strategy (new technology in the region or export) agreed | F7: Year 3: Test destruction in new regional facility completed | G7: Output 1.1: National inventories • Azerbaijan: Inventory of 19 sites was done in 2019. All sites must be considered contaminated. At seven sites, total of 350 metric tonnes (MT) of OP identified, additional buried amount of 100 MT suspected at one site. In addition, 10’000+ MT of obsolete pesticides (mostly POPs) centralised at Jangi storage facility and at least 25’000 MT of contaminated soil needing treatment. Azerbaijan requested in April 2023 an additional inventory in its new areas, however, due to lack of demining of the potential sites the request has been cancelled; • Kazakhstan: Numbers from the 2022/2023 inventory have been reviewed and consolidated. The inventory visited in total 964 sites across 15 Oblasts. It identified 168 sites with obsolete pesticides, containing a total of 1 261 m³ of mixed pesticides without packaging, at least 146 728 m³ of contaminated soil, about 81 metric tonnes of solid and 404 litres of liquid obsolete pesticides as well as about 1 500 empty containers needing management. In addition, six burial sites across four Oblasts have been identified; the amount of wastes buried there will only be known after undertaking site-specific investigations. It must be assumed that the figures above are lower estimates. It is likely that more sites will be identified in future or that existing sites contain larger quantities of materials (e.g., buried pesticides) than estimated during the inventories. The inventory report also identified the highest risk sites, which should be prioritised for remediation. Finally, it provides recommendations for an effective national approach to manage in a safe manner Kazakhstan’s obsolete pesticide legacy; • Kyrgyzstan: A national inventory of 62 sites was done in 2021. At 26 sites, approximately 5’000 MT of OP found (90 % buried at three landfills, rest scattered at stores). Many of the former store sites are ownerless, in poor condition, posing a potential hazard to human health and the environment; • Tajikistan: Project inventoried obsolete pesticides in Sukhd Oblast and reconciled data from various prior inventories to generate a first national inventory. Data show that main challenge in Tajikistan is not obsolete pesticides in stores but the large volumes of contaminated soil around the 200 mini-landfills across the country. However, there is currently no understanding of the size of the challenge to remediate these 200 sites (contaminants, concentrations, total volume of contaminated materials). Hence, 20 Rapid Environmental Assessments (REAs) were undertaken in October-November 2023 to contribute to a national mini-landfill inventory. Samples taken were send to an analytical lab, based on which the site risk characterisations were done in February 2024; • Azerbaijan, Kazakhstan, Kyrgyzstan, Tajikistan: Training and technical support was provided for better information management of obsolete pesticides by using a Geographical Information System (GIS). The trainings conveyed fundamental methods for data management, digitalisation and spatial analysis of national inventory data on obsolete pesticides using GIS tools and methods. In total, 86 country representatives participated in the trainings. A final assessment and recommendation on transformation to a digital management of obsolete pesticide was prepared. Output 1.2: Disposal strategy • A project regional disposal strategy was developed in 2021 based on investigation of available disposal and export options in the region. KGZ + TJK: both countries will not investigate disposal options but want waste to be contained (communication with related GEF/UNEP project). TUR: Has well developed national disposal capacity including for POPs waste (but does not accept imported waste); • Options for export for disposal were investigated with negative result for all countries. Last turndown received in 2023 in communication between Kyrgyzstan and China; • Azerbaijan: The Holcim Garadagh cement kiln was benchmarked in 2021 for its ability to co-process POPs wastes in compliance with relevant Basel Convention Technical Guidelines. Discussion was held with GEF on 10 June 2022 whether and how to move forward with testing and permitting co-processing. GEF directed to explore further the option of co-processing in close collaboration with GEF STAP and with all steps to be documented for GEF. Following a meeting with Holcim Azerbaijan and Geocycle (the alternative fuels arm of Holcim) in Baku in September 2022 to discuss the benchmark results and the further way forward, a scientific-technical assessment of the probability of successful destruction of POPs pesticides in compliance with the Basel Convention Technical Guidelines at the Holcim Garadagh kiln was undertaken in 2H/2022. Based on the positive recommendations of the two assessment reports, three Azerbaijani ministries requested a performance test at the Garadagh cement kiln to demonstrate compliance of POPs co-processing with the Basel Convention and national requirements. Following the request, a Task Force has been established including all relevant government institutions, project team and technical consultants to share information, advice and provide necessary support in developing and conducting the performance test. The test protocol has been developed and presented at a first Task Force meeting on 14 June 2024. Based on feedback, the performance test protocol was finalised by August 2024. For the preparation of the performance test, three major activities were undertaken: 1) Additional chemical analysis of the waste to be co-processed during the performance test was undertaken. Aim was to establish the relation between chlorine and DDT contents in the drums, which is needed to compute the POPs DE/DRE of the performance test. Based on the lab results, the feed order of the drums ensuring a constant chlorine level in the kiln was defined. A total of 757 drums were palletised in the feed order and are now ready for the test. 2) A logistics company was selected which will load the pallets into shipping containers and transport them from their current location to the Garadagh kiln. 3) The performance test was tendered. Based on a competitive selection, currently contracting of the emission testing company is ongoing, the test will be held late September/early October 2025; • Azerbaijan: Following a request by MoA, an assessment of management capacity at the Jangi obsolete pesticides storage facility was done in July 2023. Based on identified gaps, a training to improve site management and discuss equipment and site upgrade needs was held in 11-15 December 2023. In July/August 2024, SOPs for handling the wastes at the Jangi storage facility were developed by an IC based on International Best Practices (. A NC was subsequently recruited to review and adapt these SOPs considering national Azerbaijani requirements and identify additional national capacity gaps for their proper implementation. 150 IBCs for storing liquid wastes were procured for Jangi. In addition, a list of technical and safety equipment needed at the facility was developed and is currently being tendered. The development of an electronic Waste Management Information System (WMIS) was tendered. Work on the WMIS started in January 2025, the system is to register delivered wastes, its storage location, safety information, and in future also mark disposal of the volumes. The system is largely developed and is currently in government final review. It should be delivered by end August 2025; • Azerbaijan: On 20 September 2023, a workshop was held in Baku on improving the management of obsolete pesticides and prevent their recurrence. The workshop, among other, has facilitated the establishment of an inter-ministerial commission addressing the management of obsolete pesticides and contaminated soils; . • Kazakhstan: Benchmarking of one cement kiln (JSC “Jambyl Cement”, Vicat company) for its ability to co-process POPs wastes in compliance with the relevant Basel Convention Technical Guidelines was done in December 2022. The results were presented to the government during a 19 April 2024 workshop in Almaty. While based on the initial assessment the plant is technically able to co-process POPs wastes, current legislation does only have provisions for incinerating, but not for co-processing hazardous wastes. As treatment of hazardous wastes is to happen in a legally regulated space, an initial draft for legislation on co-processing as an allowed technology for hazardous waste treatment was developed; • Kazakhstan: MoE requested safeguarding and follow-on disposal of about 7 MT of obsolete pesticides at a dilapidated store. Preparatory explorations of national capacity showed that while safeguarding with ensuing temporary storage is feasible, it is not clear whether the materials can be disposed of in line with international best practices. Discussions are held with the UNIDO project (GEF ID 5300) whether the small high-temperature incinerator under construction could be an option. The option of using the Turmalin incinerator is assessed too, but not all documents needed for assessing its technical capacity have been provided to date; • Kyrgyzstan: A round-table was held on 20 April 2023 in Bishkek to discuss the development of a national strategy for OP management. As an element of this strategy, a roadmap for the construction of two central stores for safeguarded obsolete pesticides in the North and the South of the Republic has been jointly developed with the main partners and approved by relevant Ministries. The road map includes: volumes of OP to be safeguarded; possible store locations with advantages and disadvantages; criteria for the selection of stores. A key obstacle for the overall safeguarding process is the missing designation of the government entity responsible for the management of obsolete pesticides, without which work cannot start. Despite repeated discussions with ministries and the presidential office, no decision on the responsible entity was obtained, which impacted plans for safeguarding obsolete pesticides and constructing central stores. In view of the remaining limited project time, it was decided to refrain from constructing a central store(s), as no decision on the siting could be obtained in 2024. However, nearly 100 MT of obsolete pesticides in the Osh region can still be safeguarded without a governmental decision (see next Output 1.3); • Webinars were held on POPs disposal options (24 June 2020, 21 participants) and empty pesticides container management systems (CMS) (14 October 2020, 170 participants). Output 1.3: Safeguarding and disposal of 900 metric tonnes (MT) • Azerbaijan: 210.342 MT of liquid POPs and other obsolete pesticides were safeguarded at the central Jangi storage facility. Materials are now repacked in 11,402 UN-approved drums in a locked store building and awaiting disposal at a national disposal facility in case the performance test is successful (as mentioned above, export for disposal is not possible). A video on Jangi and obsolete pesticides safeguarding was finalised in early 2024; • Kazakhstan: MoE requested safeguarding and follow-on disposal of about 7 MT of obsolete pesticides at a dilapidated store. A tender was published and is currently under evaluation. It foresees safeguarding only, or if an environmentally sound national disposal option can be identified, also disposal; • Kyrgyzstan: A key obstacle for the overall safeguarding process is the missing designation of the government entity responsible for the management of obsolete pesticides. Without a responsible body, the land transfer process needed for the construction of central stores as well as other approval processes cannot be initiated. Nevertheless, safeguarding of a stock of almost 100 MT of obsolete pesticides stored at a military base in the Osh region was initiated. An EIA for the safeguarding work was developed and approved by MoE. a training for the safeguarding team was held 25/26 June 2024. Safeguarding was undertaken in April 2025. Due to a wrong delivery of salvage drums, correct salvage drums need to be re-procured from a different provider. The remaining stock of nine drums with liquid pesticides will be repacked in September 2025; • Türkiye: A total of 14.173 MT of obsolete pesticides collected from 11 stores were safeguarded and disposed of in July 2024. Output 1.4: Contaminated sites • Azerbaijan: A contaminated site assessment including a drone map and the drilling of a series of sampling and monitoring wells was done at the Ujar former pesticide store. Based on the data, a Phase 2 Conceptual Site Model and a site management plan were developed by June 2024. In parallel, the project was contacted by the newly created inter-ministerial "Commission for coordinating the activities of state bodies (institutions) in the field of ensuring the safe operation of potentially dangerous objects" to provide methodological support and advice for the assessment and management of pesticide contaminated sites in Azerbaijan. A targeted training was held 3-6 August 2024 for the Commission members at the contaminated Yevlakh site. It included training on the new (final draft) guidelines for the management of POPs contaminated sites of the Stockholm Convention, particularly on the initial site assessment phase, interviews with local stakeholders, installation of boreholes and soil sampling. Further, a Manual on Contaminated Site Management was drafted summarising the main elements of the Stockholm Convention guidance; • Kazakhstan: Laboratory and greenhouse trials for bio- and phytoremediation of POPs and heavy metals contaminated soils had started in 2023. First results show encouraging levels of POPs decomposition. The best performing phyto-remediants and microorganisms were further tested in 2024 under field conditions. Results and recommendations will become available in 2025; • Kyrgyzstan: A field trial of bio-remediation of soil contaminated with 19 different POPs pesticides showed substantial acceleration of the decomposition process. Germination tests at the end showed that soil vitality was improved and soil toxicity reduced. In addition, laboratory trials with bacteria immobilising heavy-metals started. Results and recommendations will become available in 2025; • Regional: On 16 April 2024, an International Conference on “Bio- And Phyto-Remediation Technologies for Contaminated Agricultural Soil towards Green Agriculture” was held in Almaty, bringing together 61 experts (including 28 women) from different countries to discuss international best practices in management of contaminated soils and to provide a platform to present recent studies and field works in the region aiming at rehabilitation and restoration of pesticides contaminated areas. One outcome of the conference was the proposal to establish a Central Asia Working Group on Contaminated Soil as part of FAO’s Global Soil Partnership. On 17 April 2024, conference participants could then visit the bio-/phyto-remediation trial site. A leaflet on remediation technologies was prepared in English and Russian. https://openknowledge.fao.org/items/2bc92de0-2aef-4a08-847c-63d1c04423a8; • Kazakhstan: A training on management of POPs contaminated sites, particularly on the initial site assessment phase, interviews with local stakeholders, installation of boreholes and soil sampling was held 14-16 May 2025 at the Leninsk (Atameken) contaminated site. The training was attended by 13 female and 7 male participants. Based on a post-training questionnaire, participants expressed high satisfaction with the training content and organization, noting that the knowledge gained would be applicable in their current work. The training also generated 21 publications in various media; • Tajikistan: Vakhsh landfill was further upgraded to become a recipient site for excavated obsolete pesticides from mini-landfills being remediated. For this, a series of six soil cells were built which can store about 5 000 m3 of pesticide-contaminated soil resp. construction rubble from pesticide stores taken down. Based on a competitive selection, an organisation was contracted to remediate the DDT-containing mini-landfill at Village #1 (Khatlon Oblast). The mini-landfill was remediated by June 2025, while some closing work at Vakhsh landfill will continue through October 2025; • Tajikistan: In a separate activity, a drone map of the Bagara mini-landfill was made, which forms the base for any future remediation planning; Output 1.5: Container management system (CMS) • CMS and Agricultural Plastic Waste (APW) baselines were assessed in all five project countries and reconciled in a regional report; • Azerbaijan: A national CMS workshop was conducted in May 2024. The workshop aimed to familiarise participants with the history and best practices of CMS, present the results of the baseline assessment on CMS and Agricultural Plastic Waste (APW) in Azerbaijan, and explore pathways to establish effective management of empty pesticide containers and APW. Representatives from relevant ministries and local companies participated. The workshop identified that empty pesticide container collection falls within the scope of the new Extended Producer Responsibility (EPR) law. A ToT on triple rinsing of empty pesticide containers including practical exercises was held in March 2025. Also, several meetings with potential industrial solution providers as well as with responsible government entities to discuss models for a CMS managing company were held. Based on that input, a roadmap for introducing a CMS in Azerbaijan was developed and submitted to AFSA for review and further action. Finally, an economic assessment was made for a potential integration of a CMS into Azerbaijan’s new EPR system; • Kazakhstan: The national baseline assessment of empty pesticide containers and Agricultural Plastic Waste (APW) undertaken was presented to the Government and other stakeholders at a National Workshop on 28 November 2023. Discussions are ongoing how to best connect and build upon some already existing regional collection systems and how the government best stimulates a national system. Also, driving establishment of a national CMS in the frame of new EPR legislation is discussed. In parallel, a ToT on triple rinsing and container collection was held 27/28 May 2024, followed by five multiplication trainings on triple rinsing and container collection in July 2024 across Kazakhstan; • Kyrgyzstan: A CMS pilot project was launched in Sokoluk district in 2025 by pesticide sales companies to quantify the volume of containers generated in the district annually, investigate potential disposal options within the country, and define options for collection schemes and delivery points. Initial results were discussed during a visit by the IC on CMS in April 2025. A workshop is planned for 3Q/2025 to present the pilot results and discuss replication on a national level based on a draft CMS model developed based on the pilot results; • Tajikistan: A tender for the development of pesticides legislation including a bylaw on CMS was published. However, no national bidder with relevant experience could be identified and the work had to be cancelled; • Türkiye: 50 collection containers for empty pesticide packaging were provided for the Silifke region. The inauguration meeting was held on 2 June 2023, a flyer (1’000 copies) explaining the risks related to improper disposal of empty pesticide packaging and how to use the collection containers was developed and distributed to farmers. Feedback from local extension service and farmers at end of season was very positive. In total, 405.8 kg of empty pesticide packaging was collected in 2023 and disposed by co-processing in a cement kiln. Establishment of a working group to develop the management of containers from collection to disposal is underway and a roadmap for introducing the missing elements for a comprehensive CMS was drafted and is currently in review. | H7: 0.9 | I7: Satisfactory (S)
C8: b) 900 tonnes of POPs and other obsolete pesticides safeguarded and disposed of | D8: TUR: 1’239 tonnes of waste safeguarded | E8: Year 1: National inventories updated and validated in AZE, KAZ, and TJK Year 2: Risk reduction and disposal strategies for obsolete stocks adopted in AZE, KAZ and TJK and start of implementation | F8: Year 3: Inventoried stocks safeguarded in AZE, KGZ, and TJK (if disposal options in KGZ and TJK available). Start of disposal in AZE (KGZ and TJK) Year 4: Disposal of min. 900 MT completed in AZE (KGZ and TJK) | H8: 0.9 | I8: Satisfactory (S)
C11: c) % of populations engaging in high risk behaviours that expose them to sources of obsolete pesticides | D11: Communication strategies in KGZ have identified exposure routes from stockpile sites in communities through children’s behaviours and illegal excavation of products. Similar and other exposure routes have not been formally documented or quantified in any country | E11: Year 1: KAP survey to describe behaviours and set baseline % of respondents Year 2-3: Communication activities designed and implemented in 3 countries | F11: Year 4: KAP survey indicates declines of 30-50 % in high risk behaviours compared to 1st KAP | G11: Output 1.6: Risk communication • Kazakhstan: A national network on pesticide risk communication was established with 90 network members to date. Information related to obsolete pesticide risks is provided through different channels (telephone hotline, social media, mailing to 49 editorial offices). A training for government (15 %), NGOs (38 %), industry (15 %) and educational sector (32 %) was held on 22 November 2023 (female participants 73 %, male 27 %). A second training was held in Astana on 26 April 2024. It was attended by 39 trainees, thus bringing the total of trained network members to 73. The participants got acquainted with the current situation on POPs and pesticides management in Kazakhstan, requirements of the Kazakh legislation, methods of prevention and protection from POPs and pesticides, methods for awareness raising among stakeholders on the hazards associated with POPs and obsolete pesticides and mitigation of risks. On 12 April 2024, a webinar was held for Network members on ‘Persistent Organic Pollutants and Pesticides: health and environmental hazards and management measures’. The webinar was attended by 50 participants representing various stakeholders. The online format of the webinar allowed participants from different regions of the country to participate in discussions, share experiences and best practices, and discuss problematic issues in the field of chemical safety of POPs and obsolete pesticides. As a result of the event, recommendations for follow-up actions were formulated to improve the situation in the field of chemical safety when handling persistent organic pollutants and obsolete pesticides at all stages of their life cycle. The national network on pesticide risk communication “ToxicNet” continued to operate and provide information meetings and trainings in 2024/2025. At the same time, the operations of the network was expanded to other countries in the region, covering Azerbaijan, Kyrgyzstan and Tajikistan with designated national coordinators and an approved Network Charter, and with a total now of network 147 members from NGOs, academia, government bodies, and independent experts. A regional communication strategy was designed and launched. The network’s website (toxicnet.asia) was updated, and active outreach was carried out via Instagram, Facebook, and TikTok. Printed brochures and an awareness video were translated into five languages and distributed via digital and physical channels. Weekly newsletters on POPs and pesticide-related news were distributed to all members of the network during the period. Youth engagement was a key component. Four interactive events were organised: a video competition in Kyrgyzstan (women – 42 %, men – 58 %), an interactive seminar in Tajikistan, a student lecture in Azerbaijan, and the “GreenBrain” hackathon in Kazakhstan (women – 69 %, men – 31 %). Two roundtables were conducted in Kazakhstan and Kyrgyzstan, involving government agencies, NGOs, and academic institutions. Further roundtables in Tajikistan and Azerbaijan are planned for the next phase. Preparations were also initiated for an online training targeting at least 60 participants from the four countries. • Tajikistan: Four awareness raising seminars on risks by obsolete pesticides were organised 8-11 November 2022. All four seminars together attracted about 140 participants from as various stakeholder groups as central, regional and local administrations and services, farmers, women’s organisations, NGOs, Aarhus centre, etc. A leaflet and a poster were specifically developed for the four seminars. The overall number of printed leaflets (A4) and posters (100*70cm) is 1000 Tajik and 100 English copies, each. In addition, 200 A3 size posters (Tajik only) were printed. The materials can be accessed at: https://www.fao.org/documents/card/en/c/cc2765en (leaflets), and https://www.fao.org/documents/card/en/c/CC2777EN (posters). These seminars were repeated 10-24 November 2023 in three regions of Tajikistan and in Dushanbe. In parallel to the mini-landfill remediation work at Village #1 (see 1.4 above), various information meetings were held with local communities to inform on the work and on pesticide hazards. • Kazakhstan, Kyrgyzstan, Tajikistan: In autumn 2024, the second phase of the pesticide exposure assessment (see outputs 2.2 and 2.3 below) was implemented. Posters (100 copies) and leaflets (1 000 copies) were prepared on pesticide exposure hazards and safety measures for each country and distributed during awareness raising meetings. • Kazakhstan, Kyrgyzstan, Tajikistan: For the training on diagnosis and treatment of pesticide poisoning in late 2024, various training materials were developed for medical staff. | H11: 0.85 | I11: Satisfactory (S)
B12: Outcome 2: Regulatory and institutional framework for pesticide management strengthened in five countries | C12: a) National legislations comply with international standards in AZE, KGZ, and TJK | D12: Legal assessments conducted for AZE, KGZ and TJK have identified specific gaps in the existing laws, and recommend development of secondary legislatio | E12: Year 2: Draft revised and harmonized pesticide legislation in AZE, KGZ and TJK | F12: Year 3: Drafts consulted and approved by stakeholders for presentation to government for adoption | G12: Output 2.1: Legal assessments • Assessments of the legal frameworks on pesticide life-cycle management were undertaken in Azerbaijan, Kazakhstan, Kyrgyzstan, and Tajikistan. A synthesis report showing regional commonalities and shortcomings was developed. • The Azerbaijan legal assessment report was updated in spring 2023 to include recent legislative updates. Further support was provided by developing a NAP for Azerbaijan’s implementation of the Stockholm Convention, also with a view to new POPs to be added, and by supporting the economic justification for an EPR law, which is key for empty pesticide container management. The National Profile needed for the ratification of the Rotterdam Convention was developed in 2Q/2023 and submitted to MENR for further use. MENR has requested project support in preparation of economic and financial justification for ratification of the Convention, which was provided. • The Kyrgyz assessment report was presented on 20 April 2023 in a workshop in Bishkek. An update of this prior legal assessment was taking place in March – May 2025. Currently, national and international consultants are working on draft regulation on pesticides registration and management to support introduction of an electronic pesticide registration system (see also output 2.2+2.3 below). • The Kazakhstan legal assessment was updated to include relevant legislation changes which occurred in June 2023. Legal work was initiated on drafting legal documents in relation to the safe disposal of pesticides. A round table “Legislation of the Republic of Kazakhstan on Pesticide Management: Current Status and Recommendations for Improvement” was held in Astana on 24 October 2024 (women – 64 %, men – 36 %). Also, work is ongoing to develop laboratory standards for pesticides analysis. • The assessments showed that CMS legal regulations are widely absent in all countries. • Tajikistan: National Profile needed for the ratification of the Rotterdam Convention was developed in 3Q/2023. Based on this work and prior work by other donors, Tajikistan ratified the Rotterdam Convention on 1 October 2024. • Regional: A regional meeting was co-organized with the Rotterdam Secretariat. The meeting which was held 4-6 July 2023 in Baku is to accelerate ratification of the Rotterdam Convention by several countries of the EECCA region, including Azerbaijan and Tajikistan. | I12: Satisfactory (S)
C13: b) Data requirements for pesticide registration are more comprehensive | D13: Registration of pesticides is possible in all countries without the full data requirements set out in the Code of Conduct and FAO/WHO specifications | E13: Year 1: Training provided and manuals and guidance translated and publishe | F13: Year 4: Labelling and packaging requirements; operator exposure data; pesticide specification data all required for dossiers | G13: Output 2.2: Registration procedures + Output 2.3: Field data on PPE use and spraying operations • A regional report on the gender, socio-economic and health dimensions of pesticide use and management in Central Asia and Türkiye was developed. The report includes data on current spraying practices in various agricultural sectors and countries and shows that in general women have less access to information on safe spraying practices and on PPE selection and use. • In Kazakhstan, a 2023 report with results from assessments of the use of PPE and spraying systems revealed that many farmers lack sufficient knowledge on proper use of spraying devices, and often necessary components are not readily available. There is a significant knowledge gap in calculating the correct spray volume in function of specific crop ages, accurately calibrating equipment, and using label recommendations for chemical amounts, spray intervals, re-application intervals, and pre-harvest intervals. Many farmers also do not understand the dangers of pesticides to their own and their families' health, nor the importance of using appropriate personal protective equipment (PPE). • In another regional activity, a focus in 2H/2023 was creating understanding on the importance of comprehensive life-cycle management (LCM) of pesticides to reduce pesticide exposure and use levels and developing for the four CA countries LCM road maps with short-, mid- and long-term priorities and targets. During a regional LCM workshop in Baku on 18-19 September 2023, country representatives were introduced to the approaches as promoted by the FAO/WHO International Code of Conduct (CoC) on Pesticide Management. In country working groups, participants then could define gaps compared to the CoC and obstacles to overcome. First drafts of national LCM road maps were developed based on workshop inputs and presented for further comments in national workshops in TJK (24 November 2023) and KAZ (28 November 2023). - Kazakhstan, Kyrgyzstan, Tajikistan: An exposure assessment study based on interviews with farmers in all three countries was undertaken. The results were presented at three national workshops in November 2023. In line with global levels, about 30-40 % of pesticide users suffer from exposure. The study also shows how farmers deal with empty pesticide containers in absence of a collection system. The study data allow to develop trainings and activities targeting the most affected groups. The exposure assessment study was repeated more targeted on high risk areas in late 2024. A larger number of interviews were held in the cropping systems and geographical areas which had been found in the initial study as being the highest risk areas along with awareness raising meetings on pesticide hazards with vulnerable groups from the same areas (see output 1.6 above). The study confirmed the high levels of pesticide exposure incidence found in the phase 1 study and provided more information on which to base future interventions. • Kazakhstan, Kyrgyzstan, Tajikistan: During the first phase exposure assessment study, governments asked for a targeted training for medical staff (doctors and nurses) on pesticide poisoning, its diagnosis and treatment. Three national trainings were held in the period between 25 November – 5 December 2024. The trainings were attended by 53 medical staff (35 female, 18 male) in Kazakhstan, 56 (30 female, 26 male) in Tajikistan, and 29 (22 female, 7 male) in Kyrgyzstan. In meetings with the MoHs in the three countries, the establishment of national poisoning centres was discussed. Participants in all three countries emphasised that the training contents was up-to-date and practical, and asked for the training to be repeated in more detail and for a longer period of time. The training materials have been further updated and will become available as FAO publications. • Kyrgyzstan: The development of an electronic registration is coming to its end. The system is based initially on the current Locust PMS but has substantially evolved from that. Weekly development calls are held between the project team, the FAO CSI team and the recipient government entities. It is planned that the system will be installed in September 2025 at MoA together with trainings for the future operators. • Registration lists of all five project countries were reviewed against the eight FAO/WHO criteria defining Highly Hazardous Pesticides (HHP). In each country, active ingredients qualifying as HHPs are still in use. In a follow-on step, the initial draft of a HHP Risk Reduction Plan was developed for Tajikistan and alternatives to two Active Ingredients (alpha cypermethrin used for controlling aphids in cotton, thiacloprid used against chewing insects on apples) were identified for all project countries. • Azerbaijan/Türkiye: AZE/TUR: A study tour was organised in January 2023 for an Azerbaijani delegation to study the Turkish pesticide registration system and associated QR-code system to track pesticide containers from import/production to the end user. This was followed up by a second visit in September 2023 to further discuss cooperation and activities to be undertaken. 2024 has seen a regular exchange between the two countries. In December 2024, two FAO ICs visited Azerbaijan to discuss with various ministries the current Azerbaijani registration system and define gaps and develop a roadmap for further developing the current system. This was followed by an online training on pesticide registration, traceability, dossier evaluation, and market control on 4-7 February 2025 (total 50 participants; 30 women and 20 men). Based on the trainings, a report for recommendations on further development of the Azerbaijani pesticide LCM system was developed. • Kazakhstan: A training was held on PPE use and correct pesticide spraying on 30 March 2023. In addition, two reports providing an overview on current PPE use, pesticide use, and pesticide application trainings in Kazakhstan were developed. Another six trainings on IPM, sprayer calibration and triple rinsing of pesticide containers were held in the period 27 May – 18 July 2024 (154 farmers, of which 75 women) (see also 1.5 above). • Twelve handbooks and guidelines related to agricultural practices relying on less and less dangerous pesticides were prepared; with some developed originally by the project and some translated into Turkish, Russian, and/or Azerbaijani (for accessing the materials, visit the project website https://www.fao.org/in-action/pesticides-central-asia/resources/publications/en). • Türkiye: Procurement of a post-sales inspection system for pesticide spraying equipment was held. The system will be delivered to three pilot areas in 3Q/2025 and based on the experience with the pilot systems, MoAF foresees replication across all agricultural regions. • Regional: A regional video covering the various elements of pesticide lifecycle management including obsolete pesticide management, pesticide risks, regional issue and FAO’s interventions is under development (see 4.2 below). | H13: 0.85 | I13: Satisfactory (S)
B15: Outcome 3: Farmers will use IPM alternatives to Highly Hazardous Pesticides (HHP), and reduce pesticide application frequencie | C15: a) Reduction in pesticide application frequency in four countries | D15: Conventional pesticide applications do not consider pest pressures Alternatives are not widely known so the only option considered is often pesticides | E15: Year 1: Data collected on conventional pesticide application rates Year 2 - 3: Monitoring of pesticide use in target sites in all countries | F15: Year 4: 20 % reduction in pesticide application compared to conventional approach; reported to policy makers | G15: Output 3.2: IPM trials Azerbaijan: • An IPM baseline assessment was undertaken, IPM practices introduced in 2022 in vegetable growing, technical guidelines developed. Harvest yield were evaluated in trial fields and showed to be highest in IPM fields. • Work showed that basic concepts of IPM need to be strengthened. Hence, a national IPM workshop was held in February 2024 to define gaps, followed by the development of a Capacity Enhancement Plan for relevant stakeholders and of an IPM NAP. Also, IPM trials 2024 and 2025 on three fields for sunflower, tomato and apple in the Ganja and Samukh regions are underway. Trainings for local facilitators on the implementation of Integrated Pest Management (IPM) activities were held in June 2024 in Azerbaijan. The sessions took place at different locations: at the Sunflower IPM demo plot in Samukh rayon (11 June 2024), at the Tomato/Cucumber IPM demo plot of the Agrarian State University in Ganja (14 June 2024), and at the Apple IPM demo plot of the Agrarian State University in Ganja (18 June 2024). The final report summarising the results and conclusions of the two-season trial is not yet available. In parallel to the IPM trials a series of trainings in 6 rayons with 1’500 farmers, including 30 % women and youth, about proper pesticide application and triple rinsing of pesticide containers was tendered. The trainings are currently in the midst of implementation • To promote an understanding among the younger generation on the risks of pesticide use and available alternatives, Organic School Garden work was implemented at four schools in summer 2023. In addition, an extra school curriculum programme on organic school garden was developed and incorporated into the formal education programme. • At the request of the Agrarian Service Agency (MoA), an assessment of the biological laboratory for research and production of biological control agents in Baku was undertaken in February 2024. The current human capacity and infrastructure to produce two new biological agents (Bracon Hebetor, Chrysopa carnea) was evaluated. In a next step, a partnership with a similar laboratory in Kazakhstan (the former Soviet Centre of Excellence with 65 years of experience in biological plant control and also SP for the KAZ IPM trials) was established. An exchange visit and training session took place 10-11 February 2025 (total 14 participants; women -5; men-9) to share skills necessary for the establishment of mobile laboratories for the diagnosis and identification of harmful organisms in agricultural fields, develop capacity for the production and application of biological plant protection agents, to promote IPM techniques, and to foster cross-border cooperation for pest management, especially for invasive species. Additionally, a list of equipment upgrades was developed and will now be tendered for procurement in second half of 2025. • To promote sustainable agriculture practices and reduce reliance on chemical pesticides, a National Action Plan for alternatives to pesticides and development of sustainable agriculture and its implementation was developed and submitted to ASA’s IPM Department. Currently, a complementing IPM State Programme is drafted, which will also be submitted to ASA. Kazakhstan: • IPM field trials started in 2023 in Almaty oblast in cabbage, tomato and apple and are extended into a second season in 2024. Trials include the use of different biological and chemical protection tools like Malesa traps for insect biodiversity monitoring, hanging of pheromone traps and rods, and implementation of a weather station for disease forecast. Initial results are promising, showing a reduction of pesticide use in the orchards by 70 %. Proper preparation and planting of seedlings including the use of bio-stimulants in the soil reduces the number of treatments during the growing season by 25 % in tomato and 40 % in cabbage. This approach, combined with the use of low-toxicity chemical pesticides only when necessary and the incorporation of biological control methods, underscores a shift towards more sustainable pest management practices. Furthermore, optimizing conditions for plant growth through careful planning of planting and fertilization also contributes to better pest/disease control. • Various trainings on IPM and better spraying practices were organised for farmers and students associated to the IPM trials: - Field Days for the "Demonstration of IPM in apple, tomato and cabbage trials" were conducted on 5-6 September 2023 in Almaty oblast, Enbekshikazakh region, with 25 participants attending. - A “Discussion of pesticide life cycle management” took place in the frame of a national workshop in Astana on 28 November 2023. The audience was predominantly male, with many being managers of their organisations. In total, 33 participants attended. - An "Online Meeting to Discuss Pesticide Container Disposal and Safe Alternatives to Highly Hazardous Pesticides" was conducted on 26 January 2024, with 175 people participating in total. - An IPM Field Day was held in the frame of the Regional Project Steering Committee on 17 April 2024 with participation of international participants from Azerbaijan, Kyrgyzstan, Tajikistan, Türkiye. In total, 50 participants attended. - A Training for Farmers on the reduction of pesticide use and related risks as well as on triple rinsing of empty pesticide containers was conducted on 27-28 May 2024 in Almaty (50 % women participation). Five more similar trainings will be held in early July 2024 in various villages across Kazakhstan. Total participant 154, Female-75, Male-79. In trainings on IPM for farmers "Consultant on Gender and Socio-Economic Aspects conducted a gender session for project beneficiaries on IPM" - To scale up farmer level knowledge on IPM, two IPM trainings were held in April and June 2025 in Baiseit village (according to gender gap Male-45, Female-2 participated) The trainings aimed at 1) Improving pesticide selection and application, ensuring farmers can distinguish between pesticides that align with IPM principles and those that disrupt ecological balance or pose environmental risks, 2) Enhancing weather-based decision-making by building farmers' ability to assess weather conditions and their impact on pest and disease management, 3) Developing effective monitoring and sampling techniques by showing farmers on how to use pheromone traps and other methods to accurately assess pest and disease pressure in real time, 4) Understanding economic damage thresholds, thus promoting smarter pest control decisions based on economic damage assessments, reducing unnecessary pesticide use while improving worker safety and cost efficiency, and 5) Strengthening farmer networks and communication, encouraging information sharing and collaboration through farmer groups, including digital platforms such as WhatsApp, to exchange knowledge and best practices. The training were attended by 2 female and 45 male farmers. • A National Action Plan for promotion of alternatives to HHPs was developed in 2023 and cleared in 2024. A national validation workshop was held 30/31 January 2025, combined with a visit to the 2023-2024 IPM tria fields in Baiseit village. Kyrgyzstan: • IPM trials were undertaken in the period 2020-2022 (three seasons) in five key crops (corn, potato, sugar beet, wheat, kidney beans) on an area of 1.5 ha in the village of Studencheskoye (Sokuluk district) near Bishkek. 78 students from the Kyrgyz National Agrarian University (KNAU) participated in the field trials and learned IPM work on-the-job. The economic analysis of the comparison trials showed that traditional practices and IPM generated very comparable yields and profit margins, but IPM with less negative impacts due to reduced pesticide use. • Fertiliser trials showed a differentiated picture: Largest yield of beans and corn was obtained with one and a half norm of potassium and the use of 150 mg of organic fertilizer. For potatoes, highest yield was received with a double norm of potassium together with 200 mg of organic fertilizer. • Together with the field trials, KNAU also developed an IPM training curriculum for five crops (in Kyrgyz). • A national concept on promotion of rational use and reduction of pesticides and mineral fertilizers as well as promotion of alternatives to pesticides was drafted (National IPM Action Plan). The document resulted from a series of five working group meetings followed by two public round-tables. The feedback received was integrated into the final draft of the National IPM Action Plan. The plan was submitted in 2022 to the government for comment and consideration. • As a further element to improve agricultural practices and reduce pesticide use, work was undertaken in 2023 to strengthen knowledge and capacities of agronomists on 1) reducing pesticides use by proper application as well as on 2) pest surveillance to enhance evidence-based decision-making processes on plant protection based on Integrated Pest Management. The trainings cover Control measures for pests, diseases and weeds; Integrated plant protection; Preparation, application and storage of pesticides; Monitoring of pests, diseases and weeds; External plant quarantine; and Internal Plant Quarantine. A total of 32 days of trainings were provided from May-November 2023 to 560 agricultural experts in seven Oblasts. The trainings covered Control measures for pests, diseases and weeds; Integrated plant protection; Preparation, application and storage of pesticides; Monitoring of pests, diseases and weeds; External plant quarantine; and Internal Plant Quarantine. The trainings were ongoing in the first half of 2025 with specialists from district departments of agricultural development and local government bodies as well as 107 regional employees of DCPPQ. The trainees were formed into 45 groups across the country (8-10 agronomists in each group, a total of 400 agronomists), which were then trained during the entire growing season from March 2025 to July 2025. • To scale up IPM use nationally and thus contribute to pesticide use reduction, the approaches developed during the prior IPM trials with the Kyrgyz National Agrarian University were replicated with private companies. Tajikistan: • A potato seed bank based on IPM principles was developed in Tajikistan in 2020-2021. Average potato yield per hectare is 25 % higher in IPM fields and selected potatoes more resistant to potato late blight disease; • Trainings were conducted on “Integrated Pest Management (IPM) against apricot pests and diseases” (94 participants), “Integrated Pest Management (IPM) against potato pests and diseases” (82 participants), “Integrated Pest Management (IPM) against tomato pests and diseases” (105 participants). • Five Farmer Field Days on “Integrated Pest Management (IPM) against apricot, tomato and potato pests and diseases” (total 209 participants). • In September 2024, day-long training sessions on "Integrated Pest Management (IPM) for Tomatoes: Protecting Against Pests and Diseases" were organised and conducted across three targeted regions: Khatlon, Sugd, and Districts of Republican Subordination (total of 102 participants). • In September 2024, day-long training sessions on “Integrated Pest Management (IPM) for Potato Pest and Disease Control” were organised and conducted in the same three regions (105 participants). • IPM trials in tomato, potato and apricot were undertaken in agricultural season 2023 and 2024. Illustrated manuals (brochures) on “Tomato pests in Tajikistan and methods of their control” and “Potato pests in Tajikistan and methods of their control” were developed in Tajik for distribution to key project beneficiaries (2 x 500=1000 copies).The trial results are currently evaluated and will become available in later 2025. • Development of a National IPM Action Plan based on the trial results will be finalised in later 2025. Türkiye: • Five seasons of IPM trials on codling moth control were undertaken in apple orchards (2020-2024), complemented in 2023-2024 by a holistic approach balancing control of the most important apple pests with minimum pesticide use. By 2024, many local farmers had adopted the technique themselves and were covering costs themselves. On average, pesticide use against codling moth could be reduced by 70 %, in the orchards of two champion farmers no codling moth adults could be detected, despite that the two farmers were not using any control methods besides pheromone dispensers. Economic analysis shows that costs for the IPM and conventional approach are comparable; less labour is involved in the IPM approach; products can be obtained with no residue risks; and pheromone dispensers do not build a harmful legacy for the future by damaging the environment or building up pesticide resistance. The final report summarising the results from the coddling moth trials 2020-2024 and the comprehensive control of five apple pests has been developed. - In the first year (2020), trials were conducted in the Isparta Fruit Research Institute’s orchards to compare IPM, conventional and organic productions based on residue analysis and damage inspections. A five-day online training of trainers was held for 110 extension specialists to discuss IPM methods for controlling the main plant pests and diseases in Ankara. A ‘Manual for Trainers on Integrated Pest Management in Apple Production’ was developed and 35 extension specialists were trained on IPM. 8 leaflets were prepared and printed on different subjects like IPM basics, IPM in codling moth, IPM in apple scab and organic production, empty container management and so on. 200 fruit producers participated in an outdoor training/visit programme and two large meetings were conducted to inform 66 local producers about the results of the trials. - In the second year (2021), the trials were expanded to 70 ha of apple orchards tended by 30 beneficiary farmers in Isparta, They were supported by season-long trainings. Another 80 local producers were informed on IPM in apple production. In June 2021, a training of trainers on increasing marketability of low-input apple product was held in Isparta for 40 representatives of local stakeholders. - The third season (2022) involved 46 new beneficiary apple producers with almost 90 ha of apple orchards. 90 000 pheromone dispensers were distributed. In addition, 300 delta-type pheromone traps were distributed for monitoring codling moth populations. Continuous trainings on IPM and regular monitoring visits to the orchards were implemented. 120 local producers were trained during field days on IPM and results and experience were shared to further promote IPM. Besides this, a second training of trainers and a farmers’ training on how to enhance marketability for low-input apple production were conducted in order to increase competitiveness. The 2022 data confirmed the prior year results that with the use of pheromone traps the use of pesticides could be reduced on average by more than 70 %, with some farmers not applying pesticides at all. Due to the very dry weather in 2022, apple scab infections remained at a low level. Nevertheless, initial results showed that the use of alternative control methods could reduce pesticide use by 22-40 % compared to regional conventional production. An economic analysis showed that costs for the IPM and conventional approach are comparable, however, less labour is involved in the IPM approach, products can be obtained with no residue risks, and pheromone dispensers do not build a harmful legacy for the future by damaging the environment or building up pesticide resistance. - Trainings were continued in 2023, this time involving also apple producers from a wider neighbouring region. Field visits were organised throughout the 2023 apple producing season for at least 60 farmers, apple producers, extension service providers and media from other regions where apple production is intensive, namely Denizli (Çivril), Konya (Karaman) and Antalya (Elmalı) provinces. The visits are to introduce and promote the results of IPM apple production and related environmental and economic benefits. In addition, field visits are organised for local 20 beneficiary farmers. A new leaflet on Apple Scab Disease Control was prepared and printed (500 copies) for the meetings. A meeting with beneficiary farmers on 14 June 2023 showed that they are actively up-taking the IPM practices and paying for the pheromone dispensers themselves, not the least because they are aware of the health risks related to pesticide use; but also because pheromone dispensers can be hung by women farmers, unlike pesticide spraying, which is done mainly by men, and pheromone dispensers work efficiently also in high trees, where it is difficult to apply pesticides. - Trials with pheromone dispensers were continued in 2024, albeit on a reduced level as many local farmers had adopted the technique themselves by now. Studies in the orchards of two champion farmers did not show any codling moth adults, despite that the two farmers were not using any control methods besides pheromone dispensers. • The evaluation of the 2020-2022 data showed that the reduced use of pesticides for codling moth control, however, led to an increase of other apple pests. In response, the SP is to develop in 2023/2024 a holistic approach balancing control of five most important apple pests and diseases with minimum pesticide use. The tests included besides further application of 1’200 pheromone sticks to prevent mating of codling moth also the use of biological control agents (Chilocorus bipustulatus and Neoseiulus californicus) to control San Jose Scale (Quadraspidiotus perniciosus), two-spotted spider mite (Tetranychus urticae) and European red mite (Panonychus ulmi, added in 2024). Chilocorus bipustulatus is supplied by the SP, while Neoseiulus californicus (750,000 beneficial insects) is purchased from a commercial company. For apple scab control, disease rates are determined by observing the symptoms resulting from the first infections in this period, and necessary control practices using a 2,000 l-atomiser are implemented taking into account the meteorological conditions and the phenology of the trees. • A meeting with beneficiary farmers on 14 June 2023 showed that they are actively up-taking the IPM practices and paying for the pheromone dispensers themselves, not the least because they are aware of the health risks related to pesticide use; but also because pheromone dispensers can be hung by women farmers, unlike pesticide spraying, which is done mainly by men, and pheromone dispensers work efficiently also in high trees, where it is difficult to apply pesticides. Farmers trainings continued in 2023, this time involving also apple producers from a wider neighbouring region of Türkiye. • In order to share and raise awareness among producers on the results and to promote IPM in the region, closing events were organized in 2021, 2022 and 2023. Representatives from different stakeholder groups such as apple producers, Isparta Provincial Directorate, Egirdir District Directorate, and the Fruit Research Institute of the Ministry of Agriculture and Forestry actively participated in the events. In addition, field visits were organised throughout the 2023 apple producing season for at least 60 farmers, apple producers, extension service providers and media from other regions where apple production is intensive, namely Denizli (Çivril), Konya (Karaman) and Antalya (Elmalı) provinces. The visits are to introduce and promote the results of IPM apple production and related environmental and economic benefits. In addition, field visits are organisedfor local 20 beneficiary farmers. A new leaflet on Apple Scab Disease Control was prepared and printed (500 copies) for the meetings. Also, a video showing the work with pheromone dispensers in the Isparta apple orchards was developed in 2021 (https://youtu.be/HbfSq6OZ7UA). In addition, during the third Project Steering Committee meeting, project countries representatives visited the IPM trials for knowledge exchange (https://youtube.com/shorts/5S4Y0AcVe-c?si=Dk6sZDRfESUSpBCb). | H15: 0.95 | I15: Highly Unsatisfactory (HU)
C19: b) Pest and disease prevalence data used to inform extension service advice | D19: Pest and disease monitoring is not a standard practice to guide decisions and advice for treatments The availability of advice to farmers is rather low imost countries | E19: Year 2: National training of at least 10 extension agents per country | F19: Year 3 - 4: pest monitoring data entered in forecasting models and extension advice provided to farmer | G19: Output 3.1: Pest and disease monitoring • Baseline assessments of existing pest surveillance systems were undertaken in Azerbaijan, Kyrgyzstan and Tajikistan. All countries show a need to strengthen pest surveillance. • A Technical webinar on Pest Surveillance for Sustainable Agriculture was held on 25 February 2021 (116 participants); • A study of the impact of climate change on 20 crop pests in the countries of the FAO REU region was published in 2021: https://www.fao.org/documents/card/en/c/cb5954en. The report provides important input to understand how agricultural systems must be adapted to climate change without resorting to increased pesticide use. | H19: 0.5 | I19: Satisfactory (S)
C20: c) Farmers applying IPM methods and familiar with alternative pest control methods | D20: TCP project data on farmer practices in preparation The use of IPM as an alternative to conventional pesticide spraying by farmers is limited or not practised in all countries | E20: Year 1 – 2: Continuation of existing TCP FFS and monitoring of trained and untrained farmers | F20: Year 3-4: At least 50 % of trained farmers apply IPM in their own fields | G20: Output 3.3: IPM promotion • Collection of data of the various IPM trials is ongoing in order to quantify and synthesise results at end of the project. • A regional IPM workshop was organised in Budapest 21-22 May 2025. Project outcomes from IPM trials in all five countries were presented and discussed. The team emphasized region-specific achievements and shared technical insights on improved pest surveillance, farmer engagement, and lessons from IPM implementation in the five project countries between 2020–2025. Experiences from national programs were shared, including rollout strategies, institutional uptake of IPM practices, reports on latest development and technologies to reduce pesticide use and spraying losses, and integration of local knowledge into IPM protocols. The interaction between participants strengthened technical dialogue and identified priority areas for sustained capacity-building. A field trip to a demonstration site outside Budapest allowed participants to observe practical IPM methods in use, including trap cropping, beneficial insect release, and low-impact pesticide trials. Participants were involved in engaged and detailed discussions with the farmer and his staff, Follow-up discussions were facilitated linking field observations with national implementation challenges and best practices. Several countries expressed interest in adapting similar demonstration activities at the local level post-project. • Guidance for producers to reduce pesticide use for annual and perineal crops was developed, which includes suggestions on farm management, agroecological practices as well as suggestions on specific requirements for each crop and for disease and pest management. The Guidebook has been prepared in both Turkish and English and is about to be published. • A meeting with beneficiary farmers in Türkiye on 14 June 2023 showed that they are actively up-taking the IPM practices and paying for the pheromone dispensers themselves, not the least because they are aware of the health risks related to pesticide use; but also because pheromone dispensers can be hung by women farmers, unlike pesticide spraying, which is done mainly by men; and pheromone dispensers work efficiently also in high trees, where it is difficult to apply pesticides. A video on this meeting was prepared and is available in YouTube https://youtube.com/shorts/5S4Y0AcVe-c?si=Dk6sZDRfESUSpBCb. In 2023, all 46 farmers participating in the 2022 trials continued to use pheromone traps, and they estimated that another 100-150 fellow farmers had switched to the new practices after seeing the trial results of the last years. • A paper on the “Status of pest resistance to pesticides and its management with IPM strategies in Apple orchards in Türkiye” was drafted and is currently in technical review. • An article entitled "The Effect of Mating Disruption Pheromone Dispensers on the Control of the Codling Moth [Cydia pomonella L.] (Lep.: Tortricidae) in Lake District Apple Orchards" was published in Fruit Science Journal in 2023 to discuss the first two years results within the IPM implementations in Türkiye. The article can be accessed here. | H20: 0.85 | I20: Satisfactory (S)
B21: Outcome 4: Project results are shared between project countries and outside stakeholders | C21: a) Number of project monitoring reports as per requirements b) High level commitment from countries to life cycle management | D21: None, Technical officers promote life cycle management but face weak involvement and support from decision makers | E21: Year 1: 1 PIR, 2 progress Year 2: 2 PIR, 4 progress, 1 MTR | F21: Year 3: 3 PIR, 6 progress, 1 MTR Year 4: 3 PIR, 7 progress, 1 final report, 1 MTR, 1 Evaluation Year 3: High level representatives of all countries attend PSC meetings Year 4: 5 roadmaps for life cycle management published | G21: Output 4.1: Project monitoring - Six PIRs developed (including this one). - Mid-term evaluation finalised (2022), related management response submitted. - Finance and activity tracking tools in place. - Project internal M&E system developed and in place. Output 4.2: Lessons learnt shared • Five PSCMs and one country briefing held. Trainings on safeguarding and the gender dimension of pesticide use were provided in the frame of the 2nd PSCM. During the 3rd PSCM, participants were introduced to the Turkish pesticide registration system and the related QR-code system to track pesticide containers. An overview was given on Türkiye’s IPM work and the project’s IPM trial orchards could be visited, including testimonials from beneficiary farmers. Also, two facilities producing beneficiary pests were visited. The 4th PSCM provided an opportunity to organise conferences on digitalisation in agriculture and its benefits for reducing pesticide use; on remediation methods for pesticide contaminated soils (bio-/phyto-remediation and other nature-based solutions); and to hold a national workshop on Management and Disposal of Obsolete Pesticides in Kazakhstan. A virtual 5th PSCM was held 12 December 2024. The meeting presented, discussed and endorsed the final work plan and budget until project end. Implementation progress was then presented to the countries at a virtual briefing on 10 July 2025. The meeting also endorsed a final operational extension of the project until April 2026, in order to allow enough time for the Terminal Evaluation. • FAO work on IPM and results of the apple orchards IPM field trials were presented 17-20 November 2022 at the 6th Biocidal conference in Antalya, Türkiye. • In the frame of World Soil Day on 6 December 2022, a webinar on HHP and contaminated soil management brought together 59 participants from 4 continents. The World Soil Day on 19 December 2024 provided an opportunity to inform on key project results on national obsolete pesticides inventory, soil remediation tests, IPM trials, and pesticide exposure assessment (PAN UK). • In the frame of the 14th HCH & Pesticide Forum, a special session was organised on 22 February 2023 dedicated to the special challenges in the Central Asia region on contaminated soil and on solutions promoted by the project to introduce better life-cycle management. The Forum was also a good venue to exchange and receive latest information on best options to safely manage various types of hazardous agricultural wastes. • In the frame of 16th Joint FAO/WHO Meeting on Pesticide Management (JMPM) on 6 November 2023, a presentation was delivered to explain pesticide management activities carried out by FAO REU including in the frame of this project. Information was submitted regarding the progress of FAO pesticide management since 16th JMPM in October 2024 to be shared in the 17th JMPM. • The project website is operating since September 2021. Besides project materials and information, various news pieces were published (see project website, https://www.fao.org/in-action/pesticides-central-asia/news/news/en). • Ten FAO guidelines and publications were translated into Turkish; leaflets on pesticide life-cycle management, risks by obsolete pesticides in Tajikistan, on soil remediation technologies, and on collection of empty pesticide packaging in the frame of a pilot project in Silifke (Türkiye) published; report on climate change impacts on crop pests published; books for children on pesticide risks and alternatives to pesticides published (in English, Turkish, Azerbaijani); the FAO Activity Book on plant health was translated into Azerbaijani and Turkish; information videos about IPM practices in Türkiye, the Baku LCM workshop, and safeguarding in Azerbaijan developed and published on Youtube; four webinars held. (See project website.) • Various technical reports were developed on regional risk reduction and disposal strategy for obsolete stocks; four legal baseline assessments; five national assessments of CMS and Agriculture Plastic Waste baseline; a regional strategy for container management; assessment of disposal options for Azerbaijan and Kazakhstan; gender, socio-economic and health dimensions of pesticide use and management; regional study on impact of climate change on pests; three assessments of national pest surveillance systems; draft regional IPM strategy; IPM National Action Plans; farmers level pesticide exposure assessment; treatment of pesticide poisoning; HHP assessment in all five countries; identification of alternatives to the use of alpha-cypermethrin and thiacloprid (both HHPs); and the Azerbaijan National Profile for the Rotterdam Convention. • A project leaflet (in English, Russian and Kazakh) and Yearbooks 2021, 2022 and 2023 describing progress under the project in each country were published. The Yearbooks target national stakeholders and a wider audience. • A regional video covering the various elements of pesticide lifecycle management including obsolete pesticide management, pesticide risks, regional issue and FAO’s interventions to address them was published on YouTube Shorts in mid-February 2025 (Pesticide Management in Central Asia: https://youtu.be/0glGHvG_a7I). A project end video, a regional IPM video and three thematic short videos on soil contamination, obsolete pesticide management and CMS are under development and a filming mission was arranged in March-May 2025. For the project end video, all visual materials captured so far within the scope of different activities/events will be used. | H21: 0.9 | I21: Satisfactory (S)
A24: Average Cumulative progress toward outcomes (%) | B24: Time elapsed since project start/EOD vs Planned Project End Date | C24: % of delivery
A25: =IFERROR(AVERAGE(H7:H21),"") -> 0.8375 | B25: =IF(OR('1. Basic project data'!E16="",'1. Basic project data'!E18=""),"",(TODAY()-'1. Basic project data'!E16)/('1. Basic project data'!E18-'1. Basic project data'!E16)) -> 1.7287671 | C25: =IF('1. Basic project data'!E23=0,"",'1. Basic project data'!E24/'1. Basic project data'!E23) -> 0.87484859
A31: Development Objective (DO) Ratings, and Overall Assessment
A32: Please note that the overall DO ratings should be substantiated by evidence and progress reported above. The ratings and comments should reflect the overall progress of results since project start
B34: FY2025 Development Objective rating¹ | C34: Project Manager/ Coordinator | D34: Budget Holder | E34: Lead Technical Officer13 | F34: GEF Operational Focal Point | G34: GEF Technical Officer (GTO)
C35: Satisfactory (S) | D35: Satisfactory (S) | E35: Satisfactory (S) | F35: Satisfactory (S) | G35: Satisfactory (S)
B36: Comments/reasons¹² justifying the ratings for FY2025 and any changes (positive or negative) in the ratings since the previous reporting period | C36: Many tangible results from trials and pilot projects were obtained in 2024/2025. The project progressed not only on “soft” components like trainings but also on highly technical “hard” components. Many of these results will leave a capacity which can be further used beyond the lifetime of this project. | D36: Project has made good progress in 2024/2025 in terms of a delivery rate of %90,59 and the updated workplans for the countries targeting to complete all activities during the remaining project period. A last budget revision and extension request is prepared. Project finances are tightly managed by the Operations team to ensure that the project ends within budget. | E36: The project has made important progress across all components since the last PIR in 2024, leaving tangible results. In Kyrgyzstan, a digital pesticide registration system is introduced, which is crucial to both avoid creation of new stocks of OP and to reduce the risk of pesticide use. Also, a stock of 90 MT was safeguarded. . The Village #1 mini-landfill has been cleaned up, . Exposure assessment provided a clearer picture where the pesticide hazards are to be addressed, this was accompanied by a training on diagnosis and treatment of pesticide poisoning and And the knowledge sharing process and visibility of the project increased. | F36: The project’s annual progress and work plans were shared with the GEF Operational Focal Points in all participating countries through Project Steering Committee meetings, workshops, conferences, and regular meetings with regional and national project teams. Feedback received from these stakeholders has been positive, and the project team continues to provide regular updates to the national GEF Focal Points to support coordination | G36: The project has made progress across all components during this fiscal year, demonstrating effective regional coordination and technical delivery despite the operational challenges. Regional knowledge sharing and capacity-building activities have further supported implementation and visibility. Considering that the project’s end date is approaching, greater focus is now required on the finalization of pending deliverables and ensuring the sustainability of achieved results.
A39: Measures to address MS, MU, U and HU ratings on Section 2 above
A42: Outcome | C42: Action(s) to be taken | E42: By whom? | G42: By When?
A44: 7 Some indicators may not identify mid-term targets at the design stage (refer to approved results framework) therefore this column should only be filled when relevant. 8 Use GEF Secretariat required six-point scale system: Highly Satisfactory (HS), Satisfactory (S), Moderately Satisfactory (MS), Moderately Unsatisfactory (MU), Unsatisfactory (U), and Highly Unsatisfactory (HU).

Sheet 3. Implementation Progress
B1: 3. Implementation Progress (IP)
B3: (Please indicate progress achieved during this FY as per the Implementation Plan/Annual Workplan)
B5: Outcomes and outputs | D5: Indicators (as per the logical framework) | F5: Main achievements in the last 12 months (please DO NOT repeat results reported in previous year PIR) | L5: Describe any variance 9 in delivering outputs
B7: Outcome 1.
B8: Output 1.1 National Inventory of obsolete pesticides and associated wastes finalized in 3 countries | D8: 1) Tonnes of identified stocks entered and validated in PSMS (note: PSMS is defunct since 2017) | F8: • Kazakhstan: Numbers from the 2022/2023 inventory have been reviewed and consolidated. The inventory visited in total 964 sites across 15 Oblasts. It identified 168 sites with obsolete pesticides, containing a total of 1 261 m³ of mixed pesticides without packaging, at least 146 728 m³ of contaminated soil, about 81 metric tonnes of solid and 404 litres of liquid obsolete pesticides as well as about 1 500 empty containers needing management. In addition, six burial sites across four Oblasts have been identified; the amount of wastes buried there will only be known after undertaking site-specific investigations. It must be assumed that the figures above are lower estimates. It is likely that more sites will be identified in future or that existing sites contain larger quantities of materials (e.g., buried pesticides) than estimated during the inventories. The inventory report also identified the highest risk sites, which should be prioritised for remediation. Finally, it provides recommendations for an effective national approach to manage in a safe manner Kazakhstan’s obsolete pesticide legacy.
B12: Output 1.2 Risk reduction and disposal strategy for sound management of obsolete and POPs pesticides completed | D12: 2) Number of EAs and EMPs adopted 3) Disposal capacity | F12: • Azerbaijan: Based on the positive recommendations of two assessment reports, three Azerbaijani ministries requested a performance test at the Garadagh cement kiln to demonstrate compliance of POPs co-processing with the Basel Convention and national requirements. The performance test protocol was finalised by August 2024. For the preparation of the performance test, three major activities were undertaken: 1) Additional chemical analysis of the waste to be co-processed during the performance test was undertaken. Aim was to establish the relation between chlorine and DDT contents in the drums, which is needed to compute the POPs DE/DRE of the performance test. Based on the lab results, the feed order of the drums ensuring a constant chlorine level in the kiln was defined. A total of 757 drums were palletised in the feed order and are now ready for the test. 2) A logistics company was selected which will load the pallets into shipping containers and transport them from their current location to the Garadagh kiln. 3) The performance test was tendered. Based on a competitive selection, currently contracting is ongoing, the test will be held late September/early October 2025. • Azerbaijan: To upgrade management capacity at the Jangi obsolete pesticides storage facility, a set of site management SOPs based on best international practices were developed and adapted to the specifics of Azerbaijan. In addition, a list of technical and safety equipment needed at the facility was developed and is currently being tendered. Finally, development of an electronic Waste Management Information System was awarded based on competitive selection. The system is largely developed and is currently in government final review. It should be delivered by August/September 2025. • Kazakhstan: Based on an initial assessment, there are cement in Kazakhstan technically able to co-process POPs wastes. However current legislation does only have provisions for incinerating, but not for co-processing hazardous wastes. As treatment of hazardous wastes is to happen in a legally regulated space, an initial draft for legislation on co-processing as an allowed technology for hazardous waste treatment was developed.
B16: Output 1.3 900 MT of obsolete and POPs pesticides are safeguarded and disposed of in AZE, KGZ and TJK | D16: 4) Tonnes of wastes a) safeguarded and b) destroyed | F16: • Kazakhstan: MoE requested safeguarding and follow-on disposal of about 7 MT of obsolete pesticides at a dilapidated store. A tender was published and is currently under evaluation. It foresees safeguarding only, or if an environmentally sound national disposal option can be identified, also disposal. • Kyrgyzstan: Safeguarding of a stock of almost 100 MT of obsolete pesticides stored at a military base in the Osh region was undertaken in April 2025. Due to a wrong delivery of salvage drums, correct salvage drums need to be re-procured from a different provider. The remaining stock of nine drums with liquid pesticides will be repacked in September 2025. • Türkiye: A total of 14.173 MT of obsolete pesticides collected from 11 stores were safeguarded and disposed of in July 2024.
B20: Output 1.4 Risk associated with one critical contaminated site in one country is reduced | D20: 5) Rapid Environmental Assessment score for the site has reduced | F20: • Azerbaijan: The project was contacted by the newly created Azerbaijan inter-ministerial "Commission for coordinating the activities of state bodies in the field of ensuring the safe operation of potentially dangerous objects" to provide methodological support and advice for the assessment and management of pesticide contaminated sites in the country. A targeted training was held 3-6 August 2024 for the Commission members at the contaminated Yevlakh site. It included training on the new (final draft) guidelines for the management of POPs contaminated sites as per the new Stockholm Convention technical guidance, particularly on the initial site assessment phase, interviews with local stakeholders, installation of boreholes and soil sampling. Further, a Manual on Contaminated Site Management was drafted summarising the main elements of the Stockholm Convention guidance, translated to Azerbaijani and adapted to local circumstances. • Kazakhstan: A training on management of POPs contaminated sites, particularly on the initial site assessment phase, interviews with local stakeholders, installation of boreholes and soil sampling was held 14-16 May 2025 at the Leninsk (Atameken) contaminated site. The training was attended by 13 female and 7 male participants. Based on a post-training questionnaire, participants expressed high satisfaction with the training content and organization, noting that the knowledge gained would be applicable in their current work. The training also generated 21 publications in various media. • Kazakhstan + Kyrgyzstan: Laboratory, greenhouse and field trials for bio- and phytoremediation of POPs and heavy metals contaminated soils were finalised in both countries. Results showed encouraging levels of POPs decomposition. Currently, consolidated final reports summarising the trial results are developed in both countries. • Tajikistan: Vakhsh landfill was further upgraded to become a recipient site for excavated obsolete pesticides from mini-landfills being remediated. For this, a series of six soil cells were built which can store about 5 000 m3 of pesticide-contaminated soil resp. construction rubble from pesticide stores taken down. Based on a competitive selection, an organisation was contracted to remediate the DDT-containing mini-landfill at Village #1 (Khatlon Oblast). The mini-landfill was remediated by June 2025, while some closing work at Vakhsh landfill will continue through October 2025.
B24: Output 1.5 Container management capacity developed in the region and risks of empty containers reduced in AZE | D24: 6) Number of farmers (m/f) a) reusing containers and b) practicising triple rinsing 7) Number of containers collected in AZE | F24: • Azerbaijan: A ToT on triple rinsing of empty pesticide containers including practical exercises was held in March 2025. Also, several meetings with potential industrial solution providers as well as with responsible government entities to discuss models for a CMS managing company were held. Based on that input, a roadmap for introducing a CMS in Azerbaijan was developed and submitted to AFSA for review and further action. Finally, an economic assessment was made for a potential integration of a CMS into Azerbaijan’s new EPR system. • Kazakhstan: A ToT on triple rinsing and container collection was held 27/28 May 2024, followed by five multiplication trainings on triple rinsing and container collection in July 2024 across Kazakhstan. • Kyrgyzstan: A CMS pilot project was launched in Sokoluk district in 2025 by pesticide sales companies to quantify the volume of containers generated in the district annually, investigate potential disposal options within the country, and define options for collection schemes and delivery points. Initial results were discussed during a visit by the IC on CMS in April 2025. A workshop is planned for 3Q/2025 to present the pilot results and discuss replication on a national level. • Tajikistan: A tender for the development of pesticides legislation including a bylaw on CMS was published. However, no national bidder with relevant experience could be identified and the work had to be cancelled. • Türkiye: A roadmap for introducing the missing elements for a comprehensive CMS was drafted and is currently in review.
B28: Output 1.6 High risk behaviours by exposed populations are quantified and reduced | D28: 8) Proportion of high risk populations practising high risk behaviours which expose them to obsolete pesticides | F28: Kazakhstan: The national network on pesticide risk communication “ToxicNet” continued to operate and provide information meetings and trainings. At the same time, the operations of the network was expanded to other countries in the region, covering Azerbaijan, Kyrgyzstan and Tajikistan with designated national coordinators and an approved Network Charter, and with a total now of network 147 members from NGOs, academia, government bodies, and independent experts. A regional communication strategy was designed and launched. The network’s website (toxicnet.asia) was updated, and active outreach was carried out via Instagram, Facebook, and TikTok. Printed brochures and an awareness video were translated into five languages and distributed via digital and physical channels. Weekly newsletters on POPs and pesticide-related news were distributed to all members of the network during the period. Youth engagement was a key component. Four interactive events were organised: a video competition in Kyrgyzstan (women – 42 %, men – 58 %), an interactive seminar in Tajikistan, a student lecture in Azerbaijan, and the “GreenBrain” hackathon in Kazakhstan (women – 69 %, men – 31 %). Two roundtables were conducted in Kazakhstan and Kyrgyzstan, involving government agencies, NGOs, and academic institutions. Further roundtables in Tajikistan and Azerbaijan are planned for the next phase. Preparations were also initiated for an online training targeting at least 60 participants from the four countries. • Tajikistan: In parallel to the mini-landfill remediation work at Village #1 (see 1.4 above), various information meetings were held with local communities to inform on the work and on pesticide hazards. • Kazakhstan, Kyrgyzstan, Tajikistan: In autumn 2024, the second phase of the pesticide exposure assessment (see outputs 2.2 and 2.3 below) was implemented. Posters (100 copies) and leaflets (1 000 copies) were prepared on pesticide exposure hazards and safety measures for each country and distributed during awareness raising meetings. • Kazakhstan, Kyrgyzstan, Tajikistan: For the training on diagnosis and treatment of pesticide poisoning in late 2024, various training materials were developed for medical staff.
B32: Outcome 2
B33: Output 2.1 Revised legal frameworks in line with the Code of Conduct developed | D33: 9) Number of identified non-conformances between national legislation and Code | F33: • Azerbaijan: Upon request by the Azerbaijan government, support was provided by developing a NAP for Azerbaijan’s implementation of the Stockholm Convention, including new POPs, and by supporting the economic justification for an EPR law, which is key for empty pesticide container management. MENR also requested project support in preparation of economic and financial justification for ratification of the Rotterdam Convention, which was provided. • Kazakhstan: Legal work was initiated on drafting legal documents in relation to the safe disposal of pesticides. A round table “Legislation of the Republic of Kazakhstan on Pesticide Management: Current Status and Recommendations for Improvement” was held in Astana on 24 October 2024 (women – 64 %, men – 36 %). Also, work is ongoing to develop laboratory standards for pesticides analysis. • Kyrgyzstan: Update of the prior legal assessment was taking place in March – May 2025. Currently, national and international consultants are working on draft regulation on pesticides registration and management to support introduction of an electronic pesticide registration system (see also output 2.2+2.3 below). • Tajikistan: The National Profile needed for the ratification of the Rotterdam Convention was developed in 3Q/2023 by this project. Based on this work, but also prior work by other projects, Tajikistan ratified the Rotterdam Convention on 1 October 2024.
B37: Output 2.2 Registration procedures and capacity strengthened by training and collection and consideration of field data on pesticide use and impacts + Output 2.3 Field data on PPE and spray operations is used to provide advice to farmers | D37: 10) Quality and comprehensiveness of data requirements for registration regulation in TAJ, TUR, and KAZ 11) Current and best case operator exposures quantified 12) Dissemination of results to extension advisors & farmers including # of publications/events | F37: • Kazakhstan, Kyrgyzstan, Tajikistan: The exposure assessment study was repeated in a more targeted manner in late 2024. A larger number of interviews were held in the cropping systems and geographical areas which had been found in the initial study as being the highest risk areas along with awareness raising meetings on pesticide hazards with vulnerable groups from the same areas (see output 1.6 above). The study confirmed the high levels of pesticide exposure incidence found in the phase 1 study and provided more information on which to base future interventions., • Kazakhstan, Kyrgyzstan, Tajikistan: During the first phase exposure assessment study, governments asked for a targeted training for medical staff (doctors and nurses) on pesticide poisoning, its diagnosis and treatment. Three national trainings were held in the period between 25 November – 5 December 2024. The trainings were attended by 53 medical staff (35 female, 18 male) in Kazakhstan, 56 (30 female, 26 male) in Tajikistan, and 29 (22 female, 7 male) in Kyrgyzstan. In meetings with the MoHs in the three countries, the establishment of national poisoning centres was discussed. Participants in all three countries emphasised that the training contents was up-to-date and practical, and asked for the training to be repeated in more detail and for a longer period of time. The training materials have been further updated and will become available as FAO publications. • Kazakhstan:Six trainings on IPM, sprayer calibration and triple rinsing of pesticide containers were held in the period 27 May – 18 July 2024 (154 farmers, of which 75 women) (see also 1.5 above). • Regional: A regional video covering the various elements of pesticide lifecycle management including obsolete pesticide management, pesticide risks, regional issue and FAO’s interventions to address them was developed and released on YouTube in February 2025. A project end video, a regional IPM video and three thematic short videos on soil contamination, obsolete pesticide management and CMS are planned to be prepared and therefore a filming mission was arranged in March-May 2025 in all five project countries. • Kyrgyzstan: The development of an electronic registration is coming to its end. The system is based initially on the current Locust PMS but has substantially evolved from that. Weekly development calls are held between the project team, the FAO CSI team and the recipient government entities. It is planned that the system will be installed in September 2025 at MoA together with trainings for the future operators. • Azerbaijan: In December 2024, two FAO ICs visited Azerbaijan to discuss with various ministries the current Azerbaijani registration system and define gaps and develop a roadmap for further developing the current system. This was followed by an online training on pesticide registration, traceability, dossier evaluation, and market control on 4-7 February 2025. Based on the trainings, a report for recommendations on further development of the Azerbaijani pesticide LCM system was developed. • Türkiye: Procurement of a post-sales inspection system for pesticide spraying equipment was held. The system will be delivered to three pilot areas in 3Q/2025 and based on the experience with the pilot systems, MoAF foresees replication across all agricultural regions.
B41: Outcome 3.
B42: Output 3.1 Pest and disease monitoring to guide plant protection decisions in key crop(s) established in 3 countries (AZE, KGZ, TJK) | D42: 13) Number of advisors (m/f) trained and number of farmers participating 14) Frequency of pesticide applications reduced | F42: No reportable activities.
B46: Output 3.2 Integrated pest management practices tested, validated and promoted to male and female farmers | D46: 15) Number of farmers (m/f) participating in IPM demonstration sites and applying methods in their own fields | F46: Azerbaijan: • The IPM trials in the Ganja and Samukh regions in sunflower, tomato (greenhouse), and apple continued into the second season. The final report summarising the results and conclusions of the two-season trial is not yet available. • A series of trainings in 6 rayons with 1’500 farmers, including 30 % women and youth, about proper pesticide application and triple rinsing of pesticide containers was tendered. Trainings are in the midst of implementation. • At the request of the Agrarian Service Agency (MoA), an assessment of the biological laboratory for research and production of biological control agents in Baku was undertaken in February 2024. The current human capacity and infrastructure to produce two new biological agents (Bracon Hebetor, Chrysopa carnea) was evaluated. In a next step, a partnership with a similar laboratory in Kazakhstan (the former Soviet Centre of Excellence with 65 years of experience in biological plant control and also SP for the KAZ IPM trials) was established. An exchange visit and training session took place 10-11 February 2025 to share skills necessary for the establishment of mobile laboratories for the diagnosis and identification of harmful organisms in agricultural fields, develop capacity for the production and application of biological plant protection agents, to promote IPM techniques, and to foster cross-border cooperation for pest management, especially for invasive species (12 women, 23 men). Additionally, a list of equipment upgrades was developed and will now be tendered for procurement in second half of 2025. • To promote sustainable agriculture practices and reduce reliance on chemical pesticides, a National Action Plan for alternatives to pesticides and development of sustainable agriculture and its implementation was developed and submitted to ASA’s IPM Department. Currently, a complementing IPM State Programme is drafted, which will also be submitted to ASA. Kazakhstan: • A National Action Plan for promotion of alternatives to HHPs was developed in 2023 and cleared in 2024. A national validation workshop was held 30/31 January 2025, combined with a visit to the 2023-2024 IPM tria fields in Baiseit village. • To scale up farmer level knowledge on IPM, two IPM trainings were held in April and June 2025 in Baiseit village. The trainings aimed at 1) Improving pesticide selection and application, ensuring farmers can distinguish between pesticides that align with IPM principles and those that disrupt ecological balance or pose environmental risks, 2) Enhancing weather-based decision-making by building farmers' ability to assess weather conditions and their impact on pest and disease management, 3) Developing effective monitoring and sampling techniques by showing farmers on how to use pheromone traps and other methods to accurately assess pest and disease pressure in real time, 4) Understanding economic damage thresholds, thus promoting smarter pest control decisions based on economic damage assessments, reducing unnecessary pesticide use while improving worker safety and cost efficiency, and 5) Strengthening farmer networks and communication, encouraging information sharing and collaboration through farmer groups, including digital platforms such as WhatsApp, to exchange knowledge and best practices. The training were attended by 2 female and 45 male farmers. Kyrgyzstan: • Since 2023, a LoA was ongoing to strengthen knowledge and capacities of agronomists on reducing pesticides use by proper application as well as on pest surveillance to enhance evidence-based decision-making processes on plant protection based on Integrated Pest Management. The trainings cover Control measures for pests, diseases and weeds; Integrated plant protection; Preparation, application and storage of pesticides; Monitoring of pests, diseases and weeds; External plant quarantine; and Internal Plant Quarantine. The trainings were ongoing in the first half of 2025 with specialists from district departments of agricultural development and local government bodies as well as 107 regional employees of DCPPQ. The trainees were formed into 45 groups across the country (8-10 agronomists in each group, a total of 400 agronomists), which were then trained during the entire growing season from March 2025 to July 2025. • To scale up IPM use nationally and thus contribute to pesticide use reduction, the approaches developed during the prior IPM trials with the Kyrgyz National Agrarian University were replicated with private companies. Tajikistan: • IPM trials in tomato, potato and apricot were undertaken in agricultural season 2023. Illustrated manuals (brochures) on “Tomato pests in Tajikistan and methods of their control” and “Potato pests in Tajikistan and methods of their control” were developed in Tajik for distribution to key project beneficiaries (2 x 500=1000 copies). • In September 2024, day-long training sessions on "Integrated Pest Management (IPM) for Tomatoes: Protecting Against Pests and Diseases" were organised and conducted across three targeted regions: Khatlon, Sugd, and Districts of Republican Subordination (total of 102 participants). • In September 2024, day-long training sessions on “Integrated Pest Management (IPM) for Potato Pest and Disease Control” were organised and conducted in the same three regions (105 participants). • Two trial plots for IPM in apricot, tomato and potato were operated in 2023 and 2024. The trial results are currently evaluated and will become available in later 2025. • Development of a National IPM Action Plan based on the trial results will be finalised in later 2025. Türkiye: • Five seasons of IPM trials on codling moth control were undertaken in apple orchards (2020-2024), complemented in 2023-2024 by a holistic approach balancing control of the most important apple pests with minimum pesticide use. By 2024, many local farmers had adopted the technique themselves and were covering costs themselves. On average, pesticide use against codling moth could be reduced by 70 %, in the orchards of two champion farmers no codling moth adults could be detected, despite that the two farmers were not using any control methods besides pheromone dispensers. Economic analysis shows that costs for the IPM and conventional approach are comparable; less labour is involved in the IPM approach; products can be obtained with no residue risks; and pheromone dispensers do not build a harmful legacy for the future by damaging the environment or building up pesticide resistance. • The final report summarising the results from the coddling moth trials 2020-2024 and the comprehensive control of five apple pests has been developed.
B51: Output 3.3 Quantify and promote the benefits of IPM and alternatives to HHPs, to farmers and pesticide management decision-makers | D51: 16) Profit, pesticide use and exposure comparison for trained and untrained farmers 17) Dissemination of results and experience | F51: • Collection of data of the various IPM trials ongoing in order to quantify and synthesise results at end of the project. • A regional IPM workshop was organised in Budapest 21-22 May 2025. Project outcomes from IPM trials in all five countries were presented and discussed. The team emphasized region-specific achievements and shared technical insights on improved pest surveillance, farmer engagement, and lessons from IPM implementation in the five project countries between 2020–2025. Experiences from national programs were shared, including rollout strategies, institutional uptake of IPM practices, reports on latest development and technologies to reduce pesticide use and spraying losses, and integration of local knowledge into IPM protocols. The interaction between participants strengthened technical dialogue and identified priority areas for sustained capacity-building. A field trip to a demonstration site outside Budapest allowed participants to observe practical IPM methods in use, including trap cropping, beneficial insect release, and low-impact pesticide trials. Participants were involved in engaged and detailed discussions with the farmer and his staff, Follow-up discussions were facilitated linking field observations with national implementation challenges and best practices. Several countries expressed interest in adapting similar demonstration activities at the local level post-project.
B55: Outcome 4.
B56: Output 4.1 Project monitoring system fulfils all applicable donor and stakeholder reporting requirements | D56: 18) Quality and timely project reports 19) Midterm and final evaluation reports | F56: • Six PIRs (including this one) submitted. • Finance and activity tracking tools in place and updated regularly. • Project internal M&E system developed and in place.
B60: Output 4.2 Project evidence and lessons are taken into consideration in pesticide and agriculture policy-making, and widely disseminated to key national and international audiences | D60: 20) Number of high-level participants attending project events and meetings 21) Media coverage of publications and awareness materials | F60: • Five PSCs and one country project status briefing held. A virtual 5th PSC was held 12 December 2024. The meeting presented, discussed and endorsed the final work plan and budget until project end. Implementation progress was then presented to the countries at a virtual briefing on 10 July 2025. The meeting also endorsed a final operational extension of the project until April 2026, in order to allow enough time for the Terminal Evaluation. • Project website is operating since September 2021 and is continuously update https://www.fao.org/in-action/pesticides-central-asia/news/news/en). • A regional video covering the various elements of pesticide lifecycle management including obsolete pesticide management, pesticide risks, regional issue and FAO’s interventions to address them was published on YouTube Shorts in mid-February 2025 (Pesticide Management in Central Asia: https://youtu.be/0glGHvG_a7I). A project end video, a regional IPM video and three thematic short videos on soil contamination, obsolete pesticide management and CMS are under development and a filming mission was arranged in March-May 2025. For the project end video, all visual materials captured so far within the scope of different activities/events will be used.
B65: Implementation Progress (IP) , and Overall Assessment
B67: Please note that the overall IP ratings should be substantiated by evidence and progress reported above. The ratings and comments shoud reflect the overall progress of results during the fiscal year (July 1 2024, to June 30, 2025)
D68: Project Manager/ Coordinator | F68: Lead Technical Officer | H68: Budget Holder | J68: GEF Operational Focal Point (OFP) | L68: GEF Technical Officer (GTO)
B71: FY2025 Implementation Objective rating10 | D71: Satisfactory (S) | F71: Satisfactory (S) | H71: Satisfactory (S) | J71: Satisfactory (S) | L71: Satisfactory (S)
B74: Comments/reasons justifying the ratings for FY2025 and any changes (positive or negative) in the ratings since the previous reporting period | D74: Many tangible results from trials and pilot projects were obtained in 2024/2025 as a result of prior work. Many of these results - be it in IPM, pesticide reduction or waste management - can be used and replicated by the governments and farmers beyond and independently of this project. | F74: The project has made important progress across all components since the last PIR in 2024, leaving tangible results. In Kyrgyzstan, a digital pesticide registration system is introduced, which is crucial to both avoid creation of new stocks of OP and to reduce the risk of pesticide use. Also, a stock of 90 MT was safeguarded. In all countries, important progress has been made in introducing or strengthening IPM. The Village #1 mini-landfill has been cleaned up. Exposure assessment provided a clearer picture where the pesticide hazards are to be addressed, this was accompanied by a training on diagnosis and treatment of pesticide poisoning. And the knowledge sharing process and visibility of the project increased. | H74: Project has made good progress in 2024/2025 in terms of a delivery rate of %90,59 and the updated workplans for the countries targeting to complete all activities during the remaining project period. A last budget revision and extension request is prepared. Project finances are tightly managed by the Operations team to ensure that the project ends within budget. | J74: The project’s annual progress and work plans were shared with the GEF Operational Focal Points in all participating countries through Project Steering Committee meetings, workshops, conferences, and regular meetings with regional and national project teams. Feedback received from these stakeholders has been positive, and the project team continues to provide regular updates to the national GEF Focal Points to support coordination | L74: The project has made progress across all components during this fiscal year, demonstrating effective regional coordination and technical delivery despite the operational challenges. Regional knowledge sharing and capacity-building activities have further supported implementation and visibility. Considering that the project’s end date is approaching, greater focus is now required on the finalization of pending deliverables and ensuring the sustainability of achieved results.
B91: 9 Variance refers to the difference between the expected and actual progress at the time of reporting. 10 Implementation Progress Rating – A rating of the extent to which the implementation of a project’s components and activities is in compliance with the projects approved implementation plan.

Sheet 4. Summary_Progress & Challenge
B2: 4. Summary on progress and challenges
B3: Please provide a summary paragraph on project implementation progress consistent with the information reported in section 2 and 3 of the PIR (Max 400 words) (This section will be uploaded to the GEF portal)
B5: Component 1: Safe Disposal and Risk Reduction Significant progress was made with regard to safe disposal and risk reduction of obsolete pesticides and POPs within the project framework. Inventories of obsolete pesticides (OP) were completed in all project countries. The Kazakhstan inventory yielded a total of 168 sites with obsolete pesticides and significant volumes of contaminated soil as well as six landfills which will need management. In Kyrgyzstan, safeguarding of almost 100 MT of obsolete pesticides was largely finalised. Türkiye safeguarded and disposed of 14.173 MT of obsolete pesticides. Earlier, 210.342. MT of obsolete pesticides were safeguarded in Azerbaijan and awaiting national disposal following a successful performance test at the designated national disposal facility. A further 7 MT shall be safeguarded and if possible disposed in Kazakhstan using national capacity. In Azerbaijan, a contaminated site assessment was conducted at a heavily contaminated former pesticide store. Based on the data, a Conceptual Site Model and a site management plan was developed by June 2024. Additionally, the project provided support to a high level inter-ministerial commission addressing the management of obsolete pesticides and contaminated soils. An assessment of the management capacity at the Jangi obsolete pesticides storage facility was performed in July 2023. Based on identified gaps, a training to improve landfill management was conducted in December 2023, equipment as well as an electronic waste management system are being procured to further enhance storage facility management. Tajikistan undertook 20 Rapid Environmental Assessments (REAs) to contribute to a national mini-landfill inventory and further management of contaminated sites in country. Vakhsh landfill was further upgraded to become a recipient site for excavated obsolete pesticides from mini-landfills being remediated. The DDT-containing mini-landfill at Village #1 (Khatlon Oblast) was remediated by June 2025.Total removed materials were 5 156.84 metric tonnes In Kazakhstan and Kyrgyzstan, laboratory and greenhouse and field trials for the remediation of POPs and heavy metal-contaminated soils were finalised, showing promising levels of POPs decomposition. A regional conference on bio- and phyto-remediation technologies was held in Almaty to share information. In all project countries, work on Container Management Systems is ongoing. A series of trainings were held on triple rinsing of containers, combined with trainings on better spraying practices. Component 2: Regulatory and Institutional Strengthening Efforts to strengthen regulatory frameworks included revision and development of recommendations on relevant legislative documents in all project countries. Azerbaijan and Türkiye established a ministry-level collaboration for improving pesticide registration systems, while development of an electronic pesticide registration system is coming to an end in Kyrgyzstan. Azerbaijan and Tajikistan accession of the Rotterdam Convention has been supported by the development of the necessary National Profiles and in case of Azerbaijan also the economic justification. In addition, Azerbaijan government requested support to develop its NIP update under the Stockholm Convention and the EPR law. The project conducted a farmer-level pesticide exposure assessment in KAZ, KGZ and TJK. Results showed that, in line with global levels, about 30-40 % of pesticide users suffer from exposure. Upon request, also a training on diagnosis and treatment of pesticide poisoning was implemented in the three countries. A post-sales inspection system for pesticide spraying equipment has been tendered and will be delivered to Türkiye in 3Q/2025. Based on the experience with the pilot systems, MoAF foresees replication across all agricultural regions. This is a key activity to increase pesticide safety for both farmers as well as consumers. Component 3: Integrated Pest Management (IPM) and Alternatives to Hazardous Pesticides Promoting IPM practices remained a core element as it is key to provide alternatives to pesticide use. Results of the various national IPM trials across the countries over the last years were discussed and shared in a regional IPM workshop in May 2025. All results showed the validity of IPM to reduce pesticide use. And the workshop gave also an outlook on emerging technologies which will further contribute to reduced pesticide use. Component 4: Knowledge Sharing and High-Level Commitment Regional cooperation and knowledge sharing were facilitated through workshops, conferences, and training sessions. An International Conference on Bio- and Phyto-Remediation Technologies in Almaty resulted in the proposal of a Central Asia Working Group on Contaminated Soil. The project shared progress through various publications, the project website and media coverage. Training sessions on safeguarding, gender dimensions of pesticide use, treatment of pesticide poisoning, and pesticide lifecycle management were conducted, enhancing regional capacity and awareness. Finally, various project end videos are currently under development.
B17: Please provide a summary paragraph on challenges of project implementation consistent with the information reported in section 2 and 3 of the PIR (Max 400 words) (This section will be uploaded to the GEF portal)
B19: The project encountered several challenges, including legislative barriers and institutional constraints. In certain cases, the lack of a designated responsible entity for obsolete pesticide management hindered progress. Despite these hurdles, substantial advancements were made in safeguarding pesticides, improving regulatory frameworks, and promoting sustainable pest management practices.
B26: Implementation of Exit Strategy
B28: Has the project developed an Exit Strategy? If yes, please describe the progress to implement it. | F28: Not yet
B31: How is the project enhancing institutional capacities to foster country ownership for more durable / sustained results? | F31: Numerous trainings and capacity building events were held with national stakeholders (see the section 2. Progress towards outcomes). National coordinators meet with country counterparts on a regular base to ensure that countries participate in activities and have an ownership in the results.

Sheet 5. ESS Risk
B2: 5. Environmental and Social Safeguards (ESS): risks from the project
B4: Initial ESS Risk Classification (at CEO Endorsement/Approval Stage) | E4: High
B7: New environmental and social risks. | E7: None
B10: Progress made towards implementing the Enivronmental and Social Management Plan (ESMP) (only for Moderate and High Risk Projects) | E10: Risks related to safeguarding, transport and disposal of obsolete pesticides were considered “High” at time of endorsement of project. Risks during safeguarding of 210 MT of POPs pesticides at Jangi landfill (Azerbaijan) were mitigated by using an experienced international contractor who developed an HSE plan reviewed by FAO and submitted to AZE government. Safeguarding staff has been trained by the international contractor. FAO had an international consultant overseeing safeguarding work independently. Risks during safeguarding of 10 MT of obsolete pesticides in Türkiye were mitigated by using an experienced, licensed national waste contractor who developed an HSE plan reviewed by FAO. Contractor used its own, experienced staff for safeguarding. FAO had an experienced international consultant overseeing safeguarding work independently. Risks during safeguarding of 90 MT of obsolete pesticides in Osh region (Kyrgyzstan) were mitigated by using staff of the Army’s Chemical Forces. Along with their military training, they were trained on the specifics of pesticide repackaging by an experienced international consultant, who was also overseeing the safeguarding work. A performance test needs to be undertaken to demonstrate that the selected co-processing option in Azerbaijan provides an environmentally sound disposal option complying with national and Basel Convention Technical Guidelines standards. A performance test protocol was developed by an IC with 15 years of relevant experience. The test is implemented in close coordination with an experienced emission monitoring contractor, the cement company, the regulator and FAO supervisors. Work for contaminated soil and landfill management was done in line with relevant Stockholm and Basel Convention Guidelines. Procurement list and SOPs were reviewed by FAO. Work was supervised by an experiences international consultant.
B18: Grievance Redress Mechanism (GRM) | E18: No GRM details were provided within the ProDoc; No grievances were received. An ad-hoc Grievance Redress Mechanism (GRM) is: Review Level: NTLs and FAO Representations in countries: Azerbaijan, Kazakhstan, Kyrgyzstan, Tajikistan, Türkiye Next level: FAO SEC Office, FAO-SEC@fao.org Higher level: Mr. Viorel Gutu, Assistant Director-General. Regional Representative for Europe and Central Asia, viorel.gutu@fao.org Office of the Inspector General (OIG): By confidential hotline: fao.ethicspoint.com By e-mail: Investigations-hotline@fao.org or inspector-general-office@fao.org By regular mail: Office of the Inspector General Food and Agriculture Organization of the United Nations Viale delle Terme di Caracalla, 00153 Rome, Italy

Sheet 6. Risks to the Project
B2: 6. Risks to the Project
B4: The following table summarizes risks identified in the Project Document and reflects also any new risks identified during the project implementation.
C7: Type of risk | E7: Risk rating11 | F7: Identified in the ProDoc Y/N | G7: Description of Risk | L7: Mitigation measure implemented
B9: 1 | C9: Political | E9: Moderate | F9: Yes | G9: Project agreement with FAO will not be signed in different countries in a timely manner and season-sensitive activities such as inventory field work and cropping systems are unavoidably delayed to Year 2 | L9: FAO followed up regularly in the project initiation phase to ensure that countries join in a timely manner. All countries have joined the project and are actively participating.
B13: 2 | C13: Safety & Security | E13: Moderate | F13: Yes | G13: Lack of disposal options in the Central Asia Region means that safeguarded stocks will not be able to be finally disposed | L13: Re. 1) Export options were repeatedly investigated, with negative result. Re. 2) In AZE, a national disposal option has been identified. Government has requested project to undertake a performance test to show that the Garadagh cement kiln provides environmentally sound POPs pesticide disposal in compliance with the standards set forth by the Basel Convention Technical Guidelines. A potential national disposal option has been identified in Kazakhstan, however, key obstacle for continuing work is the absence of regulations on using co-processing for the disposal of wastes. Kyrgyzstan and Tajikistan have declined further work on developing national disposal solutions due to a lack of capacity to deal with and regulate such systems. They favour temporary safe storage of hazardous wastes instead.
B17: 3 | C17: Political | E17: Moderate | F17: Yes | G17: Political instability in project countries | L17: To reduce risks of work stalled due to a paralysed government, work should also be carried out through universities and other actors independent from government. IPM trials are done mainly in collaboration with research and academic institutions. Safeguarding and disposal work is done through experienced Service Providers. CMS work aims at involving crop protection industry as a process driver.
B21: 4 | C21: Legal & Regulatory | E21: Moderate | F21: Yes | G21: Contradiction between national and international legislation/ standards; and between ministries | L21: FAO legal assessment defined gaps in existing legislation and made suggestions for harmonisation with international standards. Certain topics are hardly covered by legislation (CMS) and model regulations should be developed by FAO for further adaptation by countries. Gaps of current legislation against the Code of Conduct have been defined and model legislation to close gaps is developed for the further use by the countries.
B25: 5 | C25: Operational & Logistical | E25: Moderate | F25: Yes | G25: Lack of technical capacity (personnel and equipment) in project countries, including staff mobility | L25: Provide countries with guidelines and relevant trainings. Activities in the countries are to include considerations of how to create national sustainability. The project’s PSCs are used as an opportunity to provide countries with information and trainings on safeguarding, pesticide registration, IPM, digital tools in agriculture and remediation of contaminated soils. Bio-remediation trials develop an approach which is affordable and low-tech to address the huge volumes of contaminated soil. Post-sales inspection of spraying equipment is strengthened in Türkiye through development of a mobile inspection system. Also, alternatives to the use of HHP are under development. Trainings on better landfill management were implemented. All work is done under supervision by experienced ICs or the project core team.
B29: 6 | C29: Social | E29: Moderate | F29: Yes | G29: Objections and non-cooperation with disposal activities by governments and civil society in project and transit countries. | L29: Lack of a vision on disposal options exist in both Kyrgyzstan and Tajikistan. Preferably, a national dialogue on waste management will be established to ensure better understanding across stakeholder groups and work towards a national consensus. Community involvement ahead of safeguarding and disposal activities is a key consideration.
B33: 7 | C33: Economic | E33: High | F33: Yes | G33: Insufficient funds for safeguarding of major contaminated sites, the disposal of POPs and other project activities. | L33: In view of the enormous legacy waste amounts, funds for safeguarding/ remediation will always remain insufficient. Without governments committing national funding and developing cost covering schemes for legacy wastes, progress will always remain insufficient. The topic is regularly addressed in meetings with governments. Azerbaijan governments starts to plan own annual budget lines on obsolete pesticides management.
B37: 8 | C37: Safety & Security | E37: Moderate | F37: Yes | G37: Accidents and exposure during safeguarding, transport and handling of wastes and empty containers. | L37: Only experienced waste management companies adhering to best international practices and with a proven track record are eligible to participate in safeguarding/disposal tenders. These companies are to provide trainings to national teams before start of work to lower risks, ensure adequate supervision during work, but also build up national capacity and experience. Work is supervised by FAO international consultants and FAO national representatives. Work on contaminated site remediation is supervised by an IC with 30 years of field experience.
B41: 9 | C41: Social | E41: Moderate | F41: Yes | G41: Lack of awareness about OP problems among populations and decision makers. | L41: Awareness raising activities are to be undertaken in parallel to IPM resp. safeguarding work. Information campaigns are held in all project countries.
B43: 10 | C43: Environmental | E43: Moderate | F43: Yes | G43: Climate risks such as heavy winters and hot summers, crop calendars disruption or increase of pest invasions. | L43: Seeds and cultivation methods adapted to the climate zone must be selected. Study on impact of Climate Change on pests and diseases published, which provides directions on mitigation options.
B45: 11 | C45: Social | E45: Moderate | F45: Yes | G45: Low existing use and uptake of alternative technologies by producers. | L45: Change agents like NGOs or farmer associations are involved to ensure sustainability and to multiply uptake. Advantages of alternative technologies are documented and information shared. Farmers involved in apple orchard trials in Isparta, Türkiye, have expressed their will to take up the newly introduced IPM methods.
B49: 12 | C49: Safety & Security | E49: High | F49: Yes | G49: Slow down or inability of implementing some activities due to Covid-19 | L49: Covid-19 restrictions have been lifted in all project countries.
B53: Project overall risk rating (Low, Moderate, Substantial or High):
B54: FY2024 rating | C54: FY2025 rating | D54: Comments/reason for the rating for FY2025 and any changes (positive or negative) in the rating since the previous reporting period
B56: Moderate | C56: Moderate | D56: The nature and incidence of risks identified during project formulation has in general remained unchanged. Mitigation measures are implemented. All activities are of an innovative nature and ask national partners to change traditional approaches. Intensive discussions are needed to ensure the needed understanding and buy-in. Work is implemented using tight supervision by FAO core staff or experienced international consultant.
B60: 11 Risk ratings means a rating of the overall risk of factors internal or external to the project which may affect implementation or prospects for achieving project objectives. Risk of projects should be rated on the following scale: Low, Moderate, Substantial or High.

Sheet 7. Follow-up on Mid-term review
B2: 7. Follow-up on Mid-term review or supervision mission
B4: If the project had an MTR or a supervision mission in 2024, please report on how the recommendations were implemented during this fiscal year as indicated in the Management Response or in the supervision mission report.
B7: MTR or supervision mission recommendations | F7: Measures implemented during this Fiscal Year
B9: Recommendation 1: The MTR recommends a no-cost extension of the project until at least December 2024, in order to make it possible for the project team and the executing partners to achieve the project outputs and outcomes and capitalize on all the preparatory work done so far. For Kazakhstan, it is necessary to have additional discussions between the government counterparts and FAO on short notice as in this country all activities still need to be implemented (accelerating/intensifying activities, running activities in parallel, preparation of a follow-up project). | F9: Project is extended technically until October 2025 (with a further technical extension to end year 2025 under preparation). KAZ has had a very active period 2023/2024 and has essentially caught up with the other countries (keeping in mind that each country has slightly varying work foci)
B11: Recommendation 2: FAO to ensure that communication, coordination and regular flow of information with (and between) national stakeholders of the project become more structured, and the functioning of the PSC is strengthened. | F11: 4th PSC meeting was in April 2024, the 5th (online) PSCM in December 2024 and a further country briefing meeting was held 10 July 2025. The meetings provided the countries with information on implementation status and whether any changes are needed for the final project phase. There are increased country requests to FAO to provide specific trainings or workshops (e.g. Rotterdam Convention workshop, pesticide life-cycle management workshop), this reflects an increasing understanding in the countries of existing shortcomings. National Team Leaders meet government counterparts on a regular base to discuss project progress.
B13: Recommendation 3: FAO to ensure that methodical/strategic communication and awareness raising/outreach strategies are prepared (that considers increasing rural women’s (and children's) access to knowledge and participation in project activities) and implemented. | F13: The majority of project events are accompanied by work with media. Surveys, trainings and related information materials take up gender considerations where possible. Also, information materials on pesticide risks and IPM where developed and translated into national languages so that they are accessible also to farmers in rural areas.
B15: Recommendation 4: FAO to ensure that (exit) strategies (including elements on what will happen after project end) and national action plans will be agreed with the government counterparts, to ensure sustainability and upscaling of project results. | F15: Development of an exit strategy is part of the 2025 work plan.
B17: Recommendation 5: FAO to keep ensuring that all activities are in-line with relevant national and international rules and regulations. For this reason, conduct due diligence prior to major activities of the project (safeguarding, transport, temporary storage and disposal). | F17: All activities are done in line with national regulations (e.g. asking for specific permits for an activity) and the standards set forth by the BRS Conventions, the UNECE ADR and other international standards as appropriate.
B19: Recommendation 6: Align the separate national inventory studies in the region and put all data into a common database in a systematic manner (as the project will not be able to resolve all issues and a well-organized database may be useful in future projects in the region). Ensure agreement of the relevant ministries with the inventories conducted. | F19: Improvement of data management at government level is supported by various activities (GIS introduction and training for managing inventory data, development of electronic pesticide registration systems).
B21: Recommendation 7: FAO to focus on the disposal of 900 tonnes of obsolete pesticides. If this target cannot be achieved, the project should secure safeguarding of obsolete pesticides (of larger amounts than 900 tonnes) in UN-approved packaging, temporary storage in a licensed facility, and obtaining a letter of intent for completion of disposal from the government authority. | F21: As it is unlikely that 900 MT of OP can be disposed, the project focuses now on building capacity and capabilities key for future safeguarding and disposal efforts. In AZE, a co-processing performance test is under preparation, which, if successful, would provide a national disposal option. In TUR, smaller stocks were disposed and the government is working on reducing the amount of expired pesticides. Safeguarding and disposal of a small stocks in KAZ is currently tendered. A small stock was safeguarded in KGZ and it is planned to still provide support in the design of central stores. In TJK, a mini-landfill was remediated (over 5 000 MT of OP and contaminated materials removed) and central storage capacity increased (six soil cells and a store building built). This all reduces risks to the local population and the environment.
B23: Recommendation 8: Considering the POPs disposal limitations in the region and the huge number of buried pesticides (leading to large volumes of contaminated soil) in all project countries except Turkey, it is recommended that the project focuses more on upscaling of the bioremediation trials, potentially through promoting commercialization of these technologies in project countries. | F23: 2024 remediation trials in Kazakhstan and Kyrgyzstan focus on developing approaches which can be replicated in a low tech environment and at affordable costs under different settings/conditions. An international conference on soil remediation was organised in April 2024. Currently, project experience is compiled into a final report.
B25: Recommendation 9: Ensure life-cycle management of pesticides containers and Agricultural Plastic Waste in demonstration projects rather than just collecting pesticide containers, and consider applying innovative circular solutions such as demonstrating pest-control services with “product as a service approach”. | F25: CMS pilot projects are under development to go beyond simple collection of empty pesticide packaging and to promote circular solutions where realistic.
B27: Recommendation 10: Ensure that recommendations provided by the MTR gender consultant are implemented to increase gender mainstreaming in the project, including (additional) specific field studies on gender, identifying gender-disaggregated indicators, increasing awareness of the decision-makers on gender concerns, preparing a gender action plan, and regularly consulting a gender expert in the project. | F27: A regional report has been developed on gender and pesticide use in all project countries except KAZ. As a next step, a Farmers’ pesticide exposure assessment generated gender disaggregated data on which to build further efforts and inform the national system.

Sheet 8. Minor project amendments
B2: 8. Minor project amendments
B4: Minor amendments are changes to the design or implementation that do not have significant impact on the project objectives or scope, or an increase of the GEF project financing up to 5% as described in Annex 9 of the GEF Project and Program Cycle Policy Guidelines 12. Please describe any minor changes that the project has made under the relevant category or categories and provide supporting documents as an annex to this report if available. (This section will be uploaded to the GEF Portal)
B9: Category of change | D9: Provide a description of the change | I9: Indicate the timing of the change | J9: Approved by
B12: Results framework
B14: Components and cost | D14: Request submitted for a change of unused funds under Component 1 to strengthen activities under Components 2 and 3. | I14: 45444 | J14: 4th PSC meeting in Almaty (Kazakhstan)
B16: Institutional and implementation arrangements
B19: Financial management
B21: Implementation schedule | D21: Project has been extended until October 2025, (with further operational extension until April 2026 under preparation) | I21: 45839 | J21: Country project status briefing (10 July 2025, online)
B23: Executing Entity
B25: Executing Entity Category
B27: Minor project objective change
B29: Safeguards
B31: Risk analysis
B33: Increase of GEF project financing up to 5%
B36: Co-financing
B38: Location of project activity
B40: Other minor project amendment (define)
B49: 12 GEF Council meeting documents, guidelines, project and program cycle policy 2020 update

Sheet 9. Stakeholders' Engagement
C2: 9. Stakeholders' Engagement
C4: Please report on progress, challeges, and outcomes on stakeholder engagement (based on the description of the Stakeholder Engagement Plan) included at CEO Endorsement/Approval during this reporting period. (This section will be uploaded to the GEF Portal)
C8: Profile | E8: Stakeholder name | G8: Type of partnership | H8: Progress, results & Challenges on Stakeholder's Engagement
C9: Government Institutions | E9: Isparta Fruit Research Institute | G9: Undertakes IPM trials in apple orchards in Türkiye | H9: Works in an exemplary manner with fruit producers by involving key figures in the local community to establish contact between the Institute and single farmers, establish trust to participate in the trials, and ensure transfer of knowledge. Many farmers take up IPM methods in the meantime on a voluntary base as they see numerous advantages.
C10: Government Institutions | E10: Tajik Committee of Environmental Protection | G10: Governmental counterpart for activities in Tajikistan | H10: Good collaboration and interest and support by the government counterpart. Reaching a comprehensive understanding of technical and economic aspects of managing obsolete pesticides and related timelines will still need more exchanges. Also, there is a shortage of qualified staff and of quality management, which creates obstacles for fast progress.
C11: Government Institutions | E11: Turkish MoAF | G11: Governmental counterpart for activities in Türkiye | H11: Good collaboration and strong support by the government counterpart to share its experience with other countries in the region.
C12: NGOs | E12: NGO Peshsaf (Tajikistan) | G12: Main partner for work on mini-landfills and pesticide risk communication | H12: Good collaboration, NGO is centre of competence on contaminated sites management in Tajikistan. Nevertheless, experience of partner is not yet fully in line with best international practices on contaminated sites management and needs further development.
C13: NGOs | E13: Center "Cooperation for Sustainable Development” (Kazakhstan) | G13: Main partner for awareness raising work on risks by obsolete pesticides and mitigation measures | H13: A national network on pesticide risk communication was established with 90 network members to date. The network is now currently expanded also into neighbouring countries.
C14: Private Sector entities | E14: Holcim Azerbaijan | G14: Potential national disposal solution | H14: The Holcim facility is ready to upgrade its facility to co-processing POPs-containing waste. Has made technical upgrades on its own account.
C15: Private Sector entities | E15: Veolia Field Services | H15: Veolia is providing not only safeguarding services according to international standards but also supported the project with safeguarding training for participants of the 2nd PSC.
C16: Private Sector entities | E16: Akademi Cevre | H16: Provided safeguarding and disposal services in Türkiye.
C17: Others | E17: Kyrgyz Army, Chemical Forces | H17: Provided safeguarding staff (workers) for the safeguarding at Saray store.
C18: Government Institutions | E18: Kazakhstan MoE | G18: Governmental counterpart for activities in Kazakhstan | H18: National project partner. Good collaboration and actively involved in project’s events. Expresses strong interest in the results of national inventory of obsolete pesticides, disposal of pesticides and remediation of contaminated sites.
C19: Government Institutions | E19: Azerbaijan MENR, MoA and AFSA | G19: Governmental counterparts for activities in Azerbaijan | H19: Show both strong interest in and support to project activities. Have established an inter-ministerial commission to address contaminated sites. Project receives regular requests for methodological and technical support and advice.
C20: Government Institutions | E20: Kyrgyzstan ministries | G20: Governmental counterparts for activities in Kyrgyzstan | H20: While there is still a lack of a consistent national strategy on OP management, there is a strong interest to improve pesticide registration and reduce the risks from pesticide application.
C21: NGOs | E21: Center "Cooperation for Sustainable Development” (Kazakhstan) | G21: Main partner for regional awareness raising work on risks by obsolete pesticides and mitigation measures | H21: Runs a national network on pesticide risk communication with 90 network members to date. The network is currently expanded to neighbouring countries.
C22: NGOs | E22: Public Association “Human Health Institute” | G22: SP for inventory of obsolete pesticides | H22: National NGO for inventory of obsolete pesticides in Kazakhstan and conduct assessments of contaminated sites in Turkestan, Kyzylorda, Jambyl, Jetysu, and Almaty oblasts.
C23: NGOs | E23: Association of legal entities "Association Ecoforum of Kazakhstan" | G23: SP for inventory of obsolete pesticides | H23: National NGO for inventory of obsolete pesticide in Kazakhstan and conduct assessments of contaminated sites in West Kazakhstan, Atyrau, Mangystau, Aktobe oblasts.
C24: NGOs | E24: Public Foundation “Karaganda Regional Environmental Museum” | G24: SP for inventory of obsolete pesticides | H24: National NGO for inventory of obsolete pesticide in Kazakhstan and conduct assessments of contaminated sites in Kostanai, East, Abay and North Kazakhstan oblasts.
C25: Government Institutions | E25: Institute of Quarantine and Plant Protection | G25: Kazakh Research Institute promoting IPM | H25: Kazakh-Research Institute for provision of services on “Technical assistance in promotion and awareness rising of alternative agricultural techniques HHP”
C26: Government Institutions | E26: Institute of Biology and Biotechnology of Plants | G26: Republican State Enterprise with Right for Economic Management "Institute of Plant Biology and Biotechnology" undertake soil phyto-bio remediation. | H26: Institute for provision of Technical assistance in implementation of field-scale microbe-assisted phytoremediation of POP-pesticides and heavy metal-contaminated soils
C27: Private Sector entities | E27: Scientific analytical center | G27: Kazakh laboratory providing analysis of various pesticide samples | H27: Provided laboratory tests on soils samples for POPS
C28: Private Sector entities | E28: Agriman | G28: Azerbaijani laboratory providing analysis of various pesticide samples | H28: Provided additional analysis of waste earmarked for performance test. Additional analysis is needed to allow calculation of DE/DRE of DDT disposal.
C29: NGOs | E29: PAN UK | G29: Provides assessments of farmer-level pesticide exposure | H29: Implemented two phases of pesticide exposure assessment. Introduced advanced assessment methods and provided important, gender-disaggregated data on exposure to pesticides during spraying operations.
C30: NGOs | E30: Biocidal Occupational and Environmental Health Association (Biyosidal Is ve Cevre Sagligi Dernegi) | G30: Group of medical doctors providing targeted training on diagnosis and treatment of pesticide poisoning | H30: Provided exemplary training in KAZ, KGZ, And TJK on diagnosis and treatment of pesticide poisoning. Received very good feedback.

Sheet 10. Gender Mainstreaming
B2: 10. Gender Mainstreaming
B4: Information on Progress on Gender-responsive measures as documented at CEO Endorsement/Approval in the gender action plan or equivalent (when applicable) during this reporting period. (This section will be uploaded to the GEF Portal)
B6: Category | E6: Yes/No | F6: Briefly describe progress and results achieved during this reporting period.
B8: a. Closing gender gaps in access to and control overal natural resources | E8: No | F8: A pesticide exposure assessment study undertaken in 2023 and again in 2024 in Kazakhstan, Kyrgyzstan and Tajikistan also included gender disaggregation and showed varying pesticide exposure risks in function of gender and cropping systems.
B12: b. Improving women's participation and decision making | F12: With regard to pesticide use, women have less access to information and PPE. The project intends to close this gender gap.
B16: c. generating socio-economic benefits or services for women
B20: Any other good practices on gender

Sheet 11. Knowledge Management
B2: 11. Knowledge and Learning Activities
B4: Knowledge activities/products (when applicable), as outlined in Knowledge Management (and Learning) Approach approved at CEO Endorsement/Approval, during this reporting period. (This section will be uploaded to the GEF Portal)
B6: Knowledge management and Learning (KML): Does the project have a KML strategy? | E6: No
B8: If YES, what is the implementation progress? In your answer, please describe how the project is fostering knowledge sharing and learning among stakeholders at national and sub-national level.
B9: If NO, how does the project identify, collect and document good practices? | E9: The project does not have a dedicated knowledge management strategy, however, works on publishing a series of flyers on pesticide topics (e.g. contaminated soil, empty pesticide container collection, IPM, ….) Key outputs are collected and both uploaded to FPMIS as well as to the project team’s shared disk. Materials are published on project website. Technical reports are shared with counterpart governments. GEF has requested the project to document in detail all steps undertaken to assess, test and permit co-processing for POPs-disposal.
B13: Please list good practices, including key-technical and/or institutional innovations, from the project thus far.
B14: Communication strategy: Does the project have a communication strategy? | E14: No
B17: Please provide a brief overview of the communications successes and challenges this fiscal year. | E17: The project is striving to systematically attach communication activities to important and visible national and regional project events. Communication activities include: -- Public meetings in parallel to the mini-landfill remediation in Village #1 (Tajikistan) -- Sharing IPM results across countries in the region through a regional workshop in May 2025 in Budapest -- Video-tapping missions in all five countries to document project work and develop several final topical videos by project end -- Continued production of information materials for trainings -- Invitation of local/regional/national media to training events (e.g. training on contaminated site assessment and remediation in Leninsk (Kazakhstan) produced 21 different articles and posts).
B23: Human-interest story: Please share a human-interest story from your project, focusing on how the project has helped to improve people's livelihoods while contributing to achieving the expected Global Environmental Benefits. Please indicate any Socio-economic Co-benefits that were generated by the project. Include at least one beneficiary quote and perspective, and please also include related photos and photo credits. | E23: YouTube Shorts on Pesticide Management in Central Asia: https://youtu.be/0glGHvG_a7I
B35: Please provide links to related website, social media account | E35: Project website: https://www.fao.org/in-action/pesticides-central-asia/en
B37: Please provide a list of publications, leaflets, video materials, newsletters, or other communications assets publised on the web, if any. | E37: See the project website for recent events, news pieces, video materials (there are three videos available related to safeguarding activities in Azerbaijan and IPM trials in Türkiye). Videos can be found under following links: https://www.youtube.com/watch?v=HbfSq6OZ7UA https://youtube.com/shorts/5S4Y0AcVe-c?si=awYsKQ5ErNRCHjY0 https://youtu.be/z6DDcURnnKY Project leaflet, latest version in Kazakh: https://www.fao.org/documents/card/en/c/CC0589KK Leaflets on risks by obsolete pesticides in Tajikistan along with a poster, on pesticide lifecycle management in three languages (English, Russian and Azerbaijani), and on how to clean up pesticide contaminated soils two languages (English and Russian (for latter, PWS process is still ongoing): https://www.fao.org/in-action/pesticides-central-asia/resources/leaflets/en Ten FAO guidelines/publications translated into Turkish and accessible online: • The International Code of Conduct on Pesticide Management; • Guidelines on Prevention and Management of Pesticide Resistance; • Guidance on Pest and Pesticide Management Policy Development; • Guidelines for Personal Protection when Handling and Applying Pesticides; • Guidelines on Good Practice for Ground Application of Pesticides; • Guidelines on Management Options for Empty Pesticide Containers; • Guidelines on the Organization of Schemes for Testing and Certification of Agricultural Pesticide Sprayers in Use; • Guidelines on Highly Hazardous Pesticides; • Agroecology in Europe and Central Asia: An overview; • Activity book: Healthy Plants, Healthy Planet. The following table shows all publications produced under the project so far: ‍The International Code of Conduct on Pesticide Management (translation) ‍TUR: https://www.fao.org/documents/card/en/c/i3604tr ‍Guidelines for personal protection when handling and applying pesticides (translation) ‍TUR: https://www.fao.org/documents/card/en/c/ca7430tr ‍Guidelines on Management Options for Empty Pesticide Containers (translation) ‍TUR: https://www.fao.org/3/bt563tr/bt563tr.pdf ‍Guidelines on Prevention and Management of Pesticide Resistance (translation) ‍TUR: https://www.fao.org/3/bt561tr/bt561tr.pdf Guidelines on good practice for ground application of pesticides (translation) TUR: https://www.fao.org/documents/card/en/c/y2767tr ‍International Code of Conduct on Pesticide Management. Guidelines on Highly Hazardous Pesticides (translation) TUR: https://www.fao.org/documents/card/en/c/I5566TR ‍Guidelines on organization of schemes for testing and certification of agricultural pesticide sprayers in use (translation) TUR: https://www.fao.org/documents/card/en/c/y2685tr ‍International Code of Conduct on the Distribution and Use of Pesticides Guidance on Pest and Pesticide Management Policy Development (translation) TUR: https://www.fao.org/documents/card/en/c/CA8116TR ‍Activity book – Healthy plants, healthy planet (translation) ‍AZE: https://www.fao.org/documents/card/en/c/CA9327AZ TUR: https://www.fao.org/documents/card/en/c/CA9327TR ‍Sue's apple orchard (Kid’s Book) ‍ENG: https://www.fao.org/documents/card/en/c/cb4975en/ AZE: https://www.fao.org/documents/card/en/c/CB4975AZ TUR: https://www.fao.org/documents/card/en/c/CB4975TR ‍Climate change impacts on twenty major crop pests in Central Asia, the Caucasus and Southeastern Europe ‍ENG: https://www.fao.org/documents/card/en/c/cb5954en RUS: https://www.fao.org/documents/card/en/c/CB5954RU TUR: https://www.fao.org/documents/card/en/c/CB5954TR ‍Agroecology in Europe and Central Asia - An overview (translation) ‍TUR: https://www.fao.org/documents/card/en/c/CA8299TR ‍Lifecycle Management of Pesticides and Disposal of POPs Pesticides in Central Asian countries and Türkiye ENG: https://www.fao.org/documents/card/en/c/cc0589en KAZ: https://www.fao.org/documents/card/en/c/CC0589KK RUS: https://www.fao.org/documents/card/en/c/CC0589RU ‍Hidden dangers from pesticides and obsolete pesticides in Tajikistan ENG: https://www.fao.org/documents/card/en/c/cc2765en TJK: https://www.fao.org/documents/card/en/c/CC2765TG ‍Hidden dangers from pesticides and obsolete pesticides in Tajikistan (poster) ENG: https://www.fao.org/documents/card/en/c/CC2777EN TJK: https://www.fao.org/documents/card/en/c/CC2777TG ‍Pesticide lifecycle management: Facilitating safer and greener agriculture ENG: https://www.fao.org/documents/card/en/c/cc8023en AZE: https://www.fao.org/documents/card/en/c/CC8023AZ RUS: https://www.fao.org/documents/card/en/c/CC8023RU Yearbook 2021: Lifecycle Management of Pesticides and Disposal of POPs Pesticides in Central Asian countries and Türkiye ENG: https://www.fao.org/documents/card/en/c/cc0348en RUS: https://www.fao.org/documents/card/en/c/CC0348RU ‍Yearbook 2022: Lifecycle Management of Pesticides and Disposal of POPs Pesticides in Central Asian countries and Türkiye ENG: https://www.fao.org/documents/card/en/c/cc6360en RUS: https://www.fao.org/documents/card/en/c/CC6360RU Yearbook 2023: Lifecycle Management of Pesticides and Disposal of POPs Pesticides in Central Asian countries and Türkiye ENG: https://openknowledge.fao.org/items/76112b21-4bbc-47c0-befa-3f7c3a405cf1 RUS: Under PWS process
B41: Please indicate the Communication and/or knowledge management focal point's name and contact detais. | E41: Ms. Birim Mor, birim.mor@fao.org

Sheet 12. Indigenous & Local Involve.
B2: 12. Indigenous Peoples and Local Communites Involvement
B4: Are Indigenous Peoples and local communities involved in the project (as per the approved Project Document)? If yes, please briefly explain.
B6: If applicable, please describe the process and current status of on-going/completed, legitimate consultations to obtain Free, Prior and Informed Consent (FPIC) with the indigenous communities. N/A Do indigenous peoples and/or local communities have an active partcipation in the project activities? If yes, briefly describe how.

Sheet 13. Co-Financing Table
B2: 13. Co-Financing Table
B4: Sources of Co-financing | D4: Name of Co-financer | I4: Type of Co-financing | K4: Amount Confirmed at CEO endorsement/approval (in USD) | N4: Actual Amount Materialized at 30 June 2025 (in USD)
B6: Recipient Country Government | D6: Azerbaijan MoA** | I6: Other | K6: 2000000 | N6: 0
B7: Recipient Country Government | D7: Azerbaijan MoA** | I7: In-kind | K7: 1600000 | N7: 2749171
B8: Recipient Country Government | D8: Azerbaijan MoE** | I8: In-kind | K8: 1400000 | N8: 0
B9: Recipient Country Government | D9: Kazakhstan MoA | I9: In-kind | K9: 3000000 | N9: 4824801
B10: Recipient Country Government | D10: Kazakhstan MoE | I10: In-kind | K10: no pledge | N10: 152928
B11: Recipient Country Government | D11: Kyrgyzstan MoA* | I11: In-kind | K11: 650000 | N11: 895000
B12: Recipient Country Government | D12: Kyrgyzstan SAEPF* | I12: In-kind | K12: 350000 | N12: 190000
B13: Recipient Country Government | D13: Tajikistan MoA | I13: In-kind | K13: 650000 | N13: 119375
B14: Recipient Country Government | D14: Tajikistan MoA | I14: Other | K14: 350000 | N14: 529721
B15: Recipient Country Government | D15: Tajikistan CEP | I15: In-kind | K15: 3000000 | N15: 0
B16: Recipient Country Government | D16: Tajikistan CEP | I16: Other | K16: 3300000 | N16: 112598394
B17: Recipient Country Government | D17: MoA Türkiye | I17: Other | K17: 10000000 | N17: 910152.14
B18: Recipient Country Government | D18: MoA Türkiye | I18: In-kind | K18: 2400000 | N18: 2423756
B19: GEF Agency | D19: FAO FTPP, FTFP | I19: Other | K19: 7000000 | N19: 6069244
B20: GEF Agency | D20: FAO TCP | I20: Other | K20: 600000 | N20: 0
B21: GEF Agency | D21: FAO Locust | I21: Other | K21: 1000000 | N21: 327060
B22: GEF Agency | D22: FAO Regular | I22: Other | K22: 1000000 | N22: 1077164
B23: GEF Agency | D23: FAO 040 | I23: Other | K23: no pledge | N23: 280190
B24: GEF Agency | D24: FAO STDF | I24: Other | K24: no pledge | N24: 160400
B25: Others | D25: Tajikistan EC | I25: Other | K25: no pledge | N25: 3000
B26: Others | D26: Tajikistan JICA | I26: Other | K26: no pledge | N26: 5000
B27: Others | D27: Tajikistan UNECE | I27: In-kind | K27: no pledge | N27: 25000
B28: Others | D28: Tajikistan UNEP | I28: In-kind | K28: no pledge | N28: 25000
B29: Others | D29: World Bank | I29: In-kind | K29: no pledge | N29: 325150
B30: Donor Agency | D30: Tajikistan various | I30: Other | K30: 38300000 | N30: 1.3369051e+08
B31: Total | I31: Total | K31: =SUM(K6:K24) -> 38300000 | N31: =SUM(N6:N24) -> 1.3330736e+08
B34: Please explain any significant changes in project co-financing since CEO Endorsement/Approval, or differences between the pledged and materialized co-financing amounts.
B38: GEF CoFinancing Guidelines 2018
F64: 1000000

Sheet 14. GEO Location
B2: 14. Geo Location Information
B4: This section should be completed ONLY by projects with 1st PIR and in case the geographic coverage of project activities has changed since last reporting period. This information is required by GEF Secretariat in GEF Portal
B6: Are there any changes in the geographic coverage of the project activities since the last PIR report?
B9: Location Name | E9: Latitude | G9: Longitude | I9: Geo Name ID | L9: Location & Activity Description*
B10: Salyan city, Azerbaijan | E10: 39.5522 | G10: 48.9538 | L10: Obsolete pesticide site, contaminated site pilot work
B11: Salyan, Dayikend village, Azerbaijan | E11: 39.4491 | G11: 48.8684 | L11: Obsolete pesticide site | M11: Obsolete pesticide site | N11: Obsolete pesticide site | O11: Obsolete pesticide site
B12: Salyan, Sarvan village, Azerbaijan | E12: 39.2907 | G12: 48.5337 | L12: Organic School Garden | M12: Organic School Garden | N12: Organic School Garden | O12: Organic School Garden
B13: Lankaran, Khanbolan village, Azerbaijan | E13: 38.6665 | G13: 48.7994 | L13: Organic School Garden | M13: Organic School Garden | N13: Organic School Garden | O13: Organic School Garden
B14: Baku city, Gala village, Azerbaijan | E14: 40.2621 | G14: 50.1003 | L14: Organic School Garden | M14: Organic School Garden | N14: Organic School Garden | O14: Organic School Garden
B15: Zangilan, Agali village, Azerbaijan | E15: 39.1781 | G15: 46.7608 | L15: Organic School Garden | M15: Organic School Garden | N15: Organic School Garden | O15: Organic School Garden
B16: Neftchala, Azerbaijan | E16: 39.435 | G16: 49.0119 | L16: Obsolete pesticide site | M16: Obsolete pesticide site | N16: Obsolete pesticide site | O16: Obsolete pesticide site
B17: Jalilabad, Azerbaijan | E17: 39.2309 | G17: 48.6344 | L17: Obsolete pesticide site | M17: Obsolete pesticide site | N17: Obsolete pesticide site | O17: Obsolete pesticide site
B18: Aghstafa, Azerbaijan | E18: 41.1241 | G18: 45.4385 | L18: Obsolete pesticide site | M18: Obsolete pesticide site | N18: Obsolete pesticide site | O18: Obsolete pesticide site
B19: Shamkir, Dallar settlement, Azerbaijan | E19: 40.8618 | G19: 46.0565 | L19: Obsolete pesticide site | M19: Obsolete pesticide site | N19: Obsolete pesticide site | O19: Obsolete pesticide site
B20: Samukh Kolayir village, Azerbaijan | E20: 40.735147 | G20: 46.363931 | L20: Obsolete pesticide site | M20: Obsolete pesticide site | N20: Obsolete pesticide site | O20: Obsolete pesticide site
B21: Goranboy, Delimammadli, Azerbaijan | E21: 40.698078 | G21: 46.580036 | L21: Obsolete pesticide site | M21: Obsolete pesticide site | N21: Obsolete pesticide site | O21: Obsolete pesticide site
B22: Yevlakh, Azerbaijan | E22: 40.6128 | G22: 47.1222 | L22: Obsolete pesticide site | M22: Obsolete pesticide site | N22: Obsolete pesticide site | O22: Obsolete pesticide site
... B64: OP inventory 2023 Kostanay oblast (oblast center-Kostanai) | E64: 53.1252 | G64: 63.3729 | L64: Obsolete pesticide site | M64: Obsolete pesticide site | N64: Obsolete pesticide site | O64: Obsolete pesticide site
B65: Panfilov district, Kyrgyzstan | E65: 42.798205 | G65: 73.677026 | L65: Obsolete pesticide site | M65: Obsolete pesticide site | N65: Obsolete pesticide site | O65: Obsolete pesticide site
B66: Panfilov district, Kyrgyzstan | E66: 42.740483 | G66: 73.752000 | L66: Obsolete pesticide site | M66: Obsolete pesticide site | N66: Obsolete pesticide site | O66: Obsolete pesticide site
B67: Panfilov district, Kyrgyzstan | E67: 42.728100 | G67: 73.783150 | L67: Obsolete pesticide site | M67: Obsolete pesticide site | N67: Obsolete pesticide site | O67: Obsolete pesticide site
B68: Panfilov district, Kyrgyzstan | E68: 42.750117 | G68: 73.780950 | L68: Obsolete pesticide site | M68: Obsolete pesticide site | N68: Obsolete pesticide site | O68: Obsolete pesticide site
B69: Panfilov district, Kyrgyzstan | E69: 42.796017 | G69: 73.682367 | L69: Obsolete pesticide site | M69: Obsolete pesticide site | N69: Obsolete pesticide site | O69: Obsolete pesticide site
B70: Panfilov district, Kyrgyzstan | E70: 42.805550, | G70: 73.745300 | L70: Obsolete pesticide site | M70: Obsolete pesticide site | N70: Obsolete pesticide site | O70: Obsolete pesticide site
B71: Panfilov district, Kyrgyzstan | E71: 42.956133 | G71: 73.635300 | L71: Obsolete pesticide site | M71: Obsolete pesticide site | N71: Obsolete pesticide site | O71: Obsolete pesticide site
B72: Panfilov district, Kyrgyzstan | E72: 42.942200 | G72: 73.641967 | L72: Obsolete pesticide site | M72: Obsolete pesticide site | N72: Obsolete pesticide site | O72: Obsolete pesticide site
B73: Panfilov district, Kyrgyzstan | E73: 42.916783 | G73: 73.648883 | L73: Obsolete pesticide site | M73: Obsolete pesticide site | N73: Obsolete pesticide site | O73: Obsolete pesticide site
B74: Zhaiyl district, Kyrgyzstan | E74: 42.896250 | G74: 73.913583 | L74: Obsolete pesticide site | M74: Obsolete pesticide site | N74: Obsolete pesticide site | O74: Obsolete pesticide site
B75: Zhaiyl district, Kyrgyzstan | E75: 42.889600 | G75: 73.928150 | L75: Obsolete pesticide site | M75: Obsolete pesticide site | N75: Obsolete pesticide site | O75: Obsolete pesticide site
B76: Moscow district, Kyrgyzstan | E76: 42.943967 | G76: 74.059167 | L76: Obsolete pesticide site | M76: Obsolete pesticide site | N76: Obsolete pesticide site | O76: Obsolete pesticide site
... B127: Kemin district, Kyrgyzstan | E127: 42.824088 | G127: 75.533668 | L127: Bioremediation field trials | M127: Bioremediation field trials | N127: Bioremediation field trials | O127: Bioremediation field trials
B128: Osh oblast | E128: 39.8407 | G128: 72.8988 | L128: Farmers exposure assessment | M128: Farmers exposure assessment | N128: Farmers exposure assessment | O128: Farmers exposure assessment
B129: Jalal-Abad oblast | E129: 41.1068 | G129: 72.8988 | L129: Farmers exposure assessment | M129: Farmers exposure assessment | N129: Farmers exposure assessment | O129: Farmers exposure assessment
B130: Talas oblast | E130: 42.2867 | G130: 72.5205 | L130: Farmers exposure assessment | M130: Farmers exposure assessment | N130: Farmers exposure assessment | O130: Farmers exposure assessment
B131: Chui oblast | E131: 42.5655 | G131: 74.4057 | L131: Farmers exposure assessment | M131: Farmers exposure assessment | N131: Farmers exposure assessment | O131: Farmers exposure assessment
B132: Issyk-Kul oblast | E132: 42.1859 | G132: 77.5619 | L132: Farmers exposure assessment | M132: Farmers exposure assessment | N132: Farmers exposure assessment | O132: Farmers exposure assessment
B133: Vakhsh district, Tajikistan | E133: 37.68558 | G133: 68.83792 | L133: Vakhsh landfill, construction of store for obsolete pesticides | M133: Vakhsh landfill, construction of store for obsolete pesticides | N133: Vakhsh landfill, construction of store for obsolete pesticides | O133: Vakhsh landfill, construction of store for obsolete pesticides
B134: Jaihun (Qumsangir) district, Tajikistan | E134: 37.36070 | G134: 68.67758 | L134: Mini-landfill for obsolete pesticide in Village #1, Jaihun district | M134: Mini-landfill for obsolete pesticide in Village #1, Jaihun district | N134: Mini-landfill for obsolete pesticide in Village #1, Jaihun district | O134: Mini-landfill for obsolete pesticide in Village #1, Jaihun district
B135: Sughd region of Tajikistan | E135: 40.39017 | G135: 69.59095 | L135: Inventory update | M135: Inventory update | N135: Inventory update | O135: Inventory update
B136: Bokhtar region of Tajikistan | E136: 37.84276 | G136: 68.77458 | L136: Inventory update | M136: Inventory update | N136: Inventory update | O136: Inventory update
B137: Mastchohi kuhi district, Tajikistan | E137: 39.44872 | G137: 69.66864 | L137: IPM field trials | M137: IPM field trials | N137: IPM field trials | O137: IPM field trials
B138: Shahristan district, Tajikistan | E138: 39.77646 | G138: 68.81838 | L138: IPM field trials | M138: IPM field trials | N138: IPM field trials | O138: IPM field trials
B139: Devashtich (Ghonchi) district, Tajikistan | E139: 39.96260 | G139: 69.14021 | L139: IPM field trials | M139: IPM field trials | N139: IPM field trials | O139: IPM field trials
B140: Nurabad (Komsomolabad) district, Districts of Republican Subordination (DRS), Tajikistan | E140: 38.87155 | G140: 69.96514 | L140: IPM field trials | M140: IPM field trials | N140: IPM field trials | O140: IPM field trials
B141: Tojikobod district, DRS, Tajikistan | E141: 39.11774 | G141: 70.84525 | L141: IPM field trials | M141: IPM field trials | N141: IPM field trials | O141: IPM field trials
B142: Lyaksh (Jirgatol) district, DRS, Tajikistan | E142: 39.15220 | G142: 71.95958 | L142: IPM field trials | M142: IPM field trials | N142: IPM field trials | O142: IPM field trials
B143: Khovaling district, Tajikistan | E143: 38.33502 | G143: 69.99303 | L143: IPM field trials | M143: IPM field trials | N143: IPM field trials | O143: IPM field trials
B144: Hissor district, DRS, Tajikistan | E144: 38.53345 | G144: 68.55726 | L144: IPM field trials | M144: IPM field trials | N144: IPM field trials | O144: IPM field trials
... B146: Isfara district, Tajikistan | E146: 40.75370 | G146: 70.41157 | L146: IPM field trials | M146: IPM field trials | N146: IPM field trials | O146: IPM field trials
B147: Khatlon oblast | E147: 37.9114 | G147: 69.097 | L147: Farmers exposure assessment | M147: Farmers exposure assessment | N147: Farmers exposure assessment | O147: Farmers exposure assessment
B148: Sugd oblast | E148: 39.5155 | G148: 69.097 | L148: Farmers exposure assessment | M148: Farmers exposure assessment | N148: Farmers exposure assessment | O148: Farmers exposure assessment
B149: Lyaksh district | E149: 39.25 | G149: 71.5 | L149: Farmers exposure assessment | M149: Farmers exposure assessment | N149: Farmers exposure assessment | O149: Farmers exposure assessment
B150: Isparta, Egirdir province, Türkiye | E150: 37.8741 | G150: 30.8509 | L150: IPM field trials | M150: IPM field trials | N150: IPM field trials | O150: IPM field trials
B151: Düzce Provincial Directorate of Agriculture and Forestry Warehouse; Türkiye | E151: 40.843726 | G151: 31.147969 | L151: Obsolete pesticide safeguarding site | M151: Obsolete pesticide safeguarding site | N151: Obsolete pesticide safeguarding site | O151: Obsolete pesticide safeguarding site
B152: Bursa Provincial Directorate of Agriculture and Forestry warehouse; Türkiye | E152: 40.22371 | G152: 29.00251 | L152: Obsolete pesticide safeguarding site | M152: Obsolete pesticide safeguarding site | N152: Obsolete pesticide safeguarding site | O152: Obsolete pesticide safeguarding site
B153: Manisa /Yunusemre District Directorate of Agriculture and Forestry Warehouse; Türkiye | E153: 38.731443 | G153: 27.434357 | L153: Obsolete pesticide safeguarding site | M153: Obsolete pesticide safeguarding site | N153: Obsolete pesticide safeguarding site | O153: Obsolete pesticide safeguarding site
B154: Denizli Provincial Directorate of Agriculture and Forestry; Türkiye | E154: 37.76422 | G154: 29.09864 | L154: Obsolete pesticide safeguarding site | M154: Obsolete pesticide safeguarding site | N154: Obsolete pesticide safeguarding site | O154: Obsolete pesticide safeguarding site
B155: Denizli Çameli District Directorate of Agriculture; Türkiye | E155: 37.07777 | G155: 29.352991 | L155: Obsolete pesticide safeguarding site | M155: Obsolete pesticide safeguarding site | N155: Obsolete pesticide safeguarding site | O155: Obsolete pesticide safeguarding site
B156: Afyonkarahisar Provincial Directorate of Agriculture and Forestry; Türkiye | E156: 38.766527 | G156: 30.543504 | L156: Obsolete pesticide safeguarding site | M156: Obsolete pesticide safeguarding site | N156: Obsolete pesticide safeguarding site | O156: Obsolete pesticide safeguarding site
B157: Ankara Provincial Directorate of Agriculture and Forestry; Türkiye | E157: 39.957892 | G157: 32.814008 | L157: Obsolete pesticide safeguarding site | M157: Obsolete pesticide safeguarding site | N157: Obsolete pesticide safeguarding site | O157: Obsolete pesticide safeguarding site
B158: Kırıkkale Provincial Directorate of Agriculture and Forestry; Türkiye | E158: 39.813984 | G158: 33.490743 | L158: Obsolete pesticide safeguarding site | M158: Obsolete pesticide safeguarding site | N158: Obsolete pesticide safeguarding site | O158: Obsolete pesticide safeguarding site
... B161: Istanbul Provincial Directorate of Agriculture and Forestry; Türkiye | E161: 40.9672 | G161: 29.06835 | L161: Obsolete pesticide safeguarding site | M161: Obsolete pesticide safeguarding site | N161: Obsolete pesticide safeguarding site | O161: Obsolete pesticide safeguarding site

Sheet Annex
A2: Annex. Monitoring Area-based GEF Core Indicator Commitments and Progress with FERM
A4: The Framework for Ecosystem Restoration Monitoring (FERM), developed by FAO, is the official monitoring platform for tracking global progress and disseminating good practices for the UN Decade of Ecosystem Restoration. The FERM can serve as an integrated GIS-based platform, providing GEF staff and all relevant stakeholders the chance to display the progress of committed versus achieved land under restoration or under improved management for conservation and sustainable use, along with clear results such as the percentage of project achievement. Having a common tracking and monitoring platform allows users to comprehensively assess and report on project progress. A user-friendly dashboard showcasing project results gives stakeholders a clear understanding of the extent to which project targets have been achieved. Projects with area-based GEF Core Indicators (GEF Core Indicators 1-5 and LDCF Core Indicator 2) are encouraged to register in the FERM platform.
A5: Useful links:
A6: • FERM website
A7: • FERM User Guide (PDF)
A8: • FERM YouTube channel
A9: • Email Carmen Morales
A24: 26 It also supports countries in reporting areas under restoration for the Kunming-Montreal GBF Target 2 (areas under restoration) for which FAO is the custodian agency.
